 Dungeon Crawl Stone Soup version 0.15-a0-481-g5350d32 (webtiles) character file.

13252812 Ankalagon the Sabretooth (level 27, 170/184 HPs)
             Began as a Felid Chaos Knight on May 4, 2014.
             Was a Favourite Plaything of Xom.
             Escaped with the Orb
             ... and 15 runes on May 8, 2014!
             The game lasted 14:35:19 (119319 turns).

Ankalagon the Sabretooth (Felid Chaos Knight)     Turns: 119319, Time: 14:35:19

HP 170/184       AC 29     Str 12      XL: 27
MP  41/53        EV 29     Int 25      God: Xom
Gold 2805        SH  0     Dex 19 (20) Spells: 15 memorised,  7 levels left
Lives: 2, deaths: 6

rFire  . . .     SeeInvis +       - Unarmed
rCold  + + +     Clarity  +     (armour unavailable)
rNeg   + + .     Conserve .     (shield unavailable)
rPois  +         rCorr    .     (helmet unavailable)
rElec  +         rRot     +     (cloak unavailable)
SustAb . .       Spirit   .     (gloves unavailable)
rMut   .         Warding  +     (boots unavailable)
Saprov . . .     Stasis   .     S - macabre finger necklace {Ward rN+}
MR     +++++                    E - ring "Vylyprag" {+Blink rElec MP+9 Int+4}
                                B - ring of wizardry
                                I - +5,+5 ring of slaying

@: statue-form, deflect missiles, regenerating, stone skin, flying, very
slightly contaminated, very slow, almost entirely resistant to hostile
enchantments, unstealthy
A: paw claws, no armour, no weapons or thrown items, antennae 2, fangs 3,
(molten scales 0), rough black scales 1, (slimy green scales 0), see invisible,
agile 1, blink 2, breathe flames 2, carnivore 3, clarity, cold resistance 3,
deformed body, deterioration 2, (speed 0), magic resistance 1, sense
surroundings 1, (shaggy fur 0), electricity resistance, slow healing 1, slow
metabolism 1, spit poison 1, strong 1, wild magic 2, evolution 1, jump 3
a: Jump Attack, Spit Poison, End Transformation, Blink, Renounce Religion,
Breathe Fire, Evoke Blink
0: Orb of Zot
}: 15/15 runes: decaying, slimy, silver, golden, iron, obsidian, icy, bone,
abyssal, demonic, glowing, magical, fiery, dark, gossamer


You escaped.
You worshipped Xom.
You were a favourite toy of Xom.
You were full.
You were a stone statue.
You visited 17 branches of the dungeon, and saw 96 of its levels.
You visited Pandemonium 1 time, and saw 22 of its levels.
You visited the Abyss 2 times.
You visited 2 bazaars.
You visited 2 Ziggurats, and saw 21 of their levels (deepest: 12).
You also visited: Labyrinth (2 times), Ice Cave and Volcano.

You collected 14266 gold pieces.
You spent 11461 gold pieces at shops.

Inventory:

Magical devices
 c - a wand of disintegration (5)
 r - a wand of digging (11)
 s - a wand of hasting (8)
 x - a wand of teleportation (1)
 A - a wand of cold (14)
 J - a wand of teleportation (6)
 P - a wand of hasting (7)
 Q - a wand of heal wounds (0)
Comestibles
 F - 2 pieces of ambrosia
 M - a royal jelly
Scrolls
 n - a scroll of identify
Jewellery
 m - the amulet "Ytararph" {Clar Str+2 Dex+2}
   (You found it in Pandemonium)

   [amulet of clarity]

   It provides mental clarity.
   It affects your strength (+2).
   It affects your dexterity (+2).
 p - an uncursed amulet of conservation
 t - the ring of Chiag {rF+ MR+ Str-1}
   (You found it on level 12 of a ziggurat)

   [ring of protection from magic]

   It affects your strength (-1).
   It protects you from fire.
   It affects your resistance to hostile enchantments.
 u - the amulet of Huitojol {rMut +Rage +Fly rPois rN+ Int+1}
   (You found it on level 3 of a ziggurat)

   [amulet of resist mutation]

   It protects you from mutation.
   It affects your intelligence (+1).
   It protects you from poison.
   It protects you from negative energy.
   It lets you fly.
   It lets you go berserk.
 w - the cursed amulet "Zogeol Phuze" {+Rage rF+ MR++ Int+2 Dam+3}
   (You found it on level 6 of a ziggurat)

   [amulet of rage]

   It affects your intelligence (+2).
   It affects your damage with ranged weapons and melee attacks (+3).
   It protects you from fire.
   It affects your resistance to hostile enchantments.
   It lets you go berserk.
   It has a curse placed upon it.
 B - a ring of wizardry (left paw)
 C - the ring of Vibloig {+cTele Dex+3}
   (You took it off a deep elf high priest on level 3 of the Elven Halls)

   [ring of teleport control]

   It can be evoked for teleport control.
   It affects your dexterity (+3).
 D - the ring of the Seven Demons {+/*Tele Str+3 Dex+3}
   (You found it on level 3 of the Tomb of the Ancients)

   [ring of teleportation]

   It causes random teleportation, and can be evoked to teleport at will.
   It affects your strength (+3).
   It affects your dexterity (+3).
 E - the ring "Vylyprag" (right paw) {+Blink rElec MP+9 Int+4}
   (You found it on level 1 of the Elven Halls)

   [ring of magical power]

   It affects your intelligence (+4).
   It insulates you from electricity.
   It affects your magic capacity (+9).
   It lets you blink.
 I - a +5,+5 ring of slaying (on amulet)
 L - a cursed +5 ring of protection
 S - the macabre finger necklace (around neck) {Ward rN+}
   (You found it on level 8 of a ziggurat)

   [amulet of warding]

   It may prevent the melee attacks of summoned creatures.
   It protects you from negative energy.
 T - an uncursed amulet of stasis
Potions
 K - 2 potions of magic
Books
 q - Cigotuvi's Guide on Necromancy
   (You found it on level 7 of Gehenna)

   Spells                             Type                      Level
   *Animate Skeleton                  Necromancy                   1
   Sublimation of Blood               Necromancy                   2
   *Vampiric Draining                 Necromancy                   3
   *Dispel Undead                     Necromancy                   5
Miscellaneous
 a - an ornate deck of defence {the Blade}
 b - a phial of floods (inert)
 d - a phial of floods (inert)
 e - a phial of floods (inert)
 f - a phial of floods (inert)
 g - a phial of floods (inert)
 h - a phial of floods (inert)
 i - a lamp of fire
 j - a fan of gales (inert)
 k - a lamp of fire
 l - a lamp of fire
 z - a fan of gales (inert)
 X - a lantern of shadows
 Y - a lamp of fire


   Skills:
 + Level 24.0 Fighting
 + Level 25.0 Dodging
 - Level 12.9 Stealth
 O Level 27 Unarmed Combat
 - Level 20.2 Spellcasting
 - Level 9.1 Hexes
 - Level 15.0 Charms
 - Level 5.1 Summonings
 - Level 14.2 Necromancy
 - Level 21.3 Translocations
 - Level 17.1 Transmutations
 - Level 10.2 Air Magic
 - Level 10.3 Earth Magic
 - Level 20.0 Evocations


You had 7 spell levels left.
You knew the following spells:

 Your Spells              Type           Power        Failure   Level  Hunger
a - Apportation           Tloc           ########..   1%          1    None
b - Regeneration          Chrm/Necr      ########..   1%          3    None
c - Stoneskin             Trmt/Erth      ########..   1%          2    None
d - Vampiric Draining     Necr           ########..   1%          3    None
e - Dispel Undead         Necr           ########     1%          5    None
f - Abjuration            Summ           #######...   3%          3    None
h - Haste                 Chrm           ########     3%          6    ##.....
i - Statue Form           Trmt/Erth      ########..   3%          6    ##.....
j - Summon Butterflies    Summ           #######.     1%          1    None
q - Controlled Blink      Tloc           N/A          2%          7    ####...
t - Dragon Form           Trmt           ########..   4%          7    ####...
v - Deflect Missiles      Chrm/Air       ########..   4%          6    ##.....
x - Animate Skeleton      Necr           N/A          1%          1    None
y - Silence               Hex/Air        #######...   3%          5    None
z - Flight                Chrm/Air       ########..   1%          3    None


Dungeon Overview and Level Annotations

Branches:
Dungeon (15/15)            Temple (0/1) D:6             Orc (4/4) D:12
    Elf (3/3) Orc:3          Lair (8/8) D:11          Swamp (5/5) Lair:6
 Spider (5/5) Lair:4        Slime (6/6) Lair:6       Vaults (5/5) D:14
  Crypt (3/3) Vaults:2       Tomb (3/3) Crypt:3        Hell (1/1)
    Dis (7/7) Hell            Geh (7/7) Hell            Coc (7/7) Hell
    Tar (7/7) Hell            Zot (5/5) Depths:5     Depths (5/5) D:15
  Blade: Vaults:3-4

Altars:
Cheibriados
Dithmenos
Elyvilon
Fedhas
Kikubaaqudgha
Nemelex Xobeh
Sif Muna
Trog
Vehumet
Xom
Yredelemnul
Zin
The Shining One
Beogh
Jiyva

Shops:
D:7 (   D:9 }:=   D:10 }   D:11 ?   Orc:4 (}[!   Elf:1 [   Vaults:1 %}[
Depths:3 [:

Portals:
Hell: Depths:1 Depths:2 Depths:3 Depths:4 Depths:5
Abyss: Depths:4
Pandemonium: Depths:3
Ziggurat: Depths:3

Annotations:
D:10 Harold
Swamp:5 Lernaean hydra
Spider:5 1 exclusion
Vaults:3 exclusion: door
Crypt:1 Mara
Depths:1 Fuck this level


Innate Abilities, Weirdness & Mutations

You cannot wear armour.
You are incapable of wielding weapons or throwing items.
Your paws have sharp claws.*
You have razor-sharp teeth.*
You have supernaturally acute eyesight.
You are carnivorous and can eat meat at any time.
((You cover ground quickly.))*
((Your thick and shaggy fur keeps you warm (AC +3, rC+).))*
You have a slow metabolism.
You can jump attack at a long distance.
You have a pair of antennae on your head.*
((You are partially covered in molten scales (AC +1).))*
(You are partially covered in rough black scales (AC +4, Dex -1).)*
((You are partially covered in slimy green scales (AC +2).))*
You are agile. (Dex +2)
You are good at translocating small distances at will.
You can breathe fire.
You possess an exceptional clarity of mind.
Your flesh is almost immune to the effects of cold.*
Your body is misshapen.*
Your body is deteriorating.
You are resistant to hostile enchantments.
You passively map a small area around you.
You are resistant to electric shocks.*
You heal slowly when monsters are visible.
You can spit poison.
Your muscles are strong. (Str +2)
Your spells are harder to cast, but more powerful.
You evolve.


Message History

Casting: Regeneration
Confirm with . or Enter, or press ? or * to list all spells.
You don't know that spell.
Unknown command.
Unknown command.
Unknown command.
Casting: Regeneration
Confirm with . or Enter, or press ? or * to list all spells.
You turn into a living statue of rough stone.
Your new body merges with your stone armour.
Casting: Statue Form
Confirm with . or Enter, or press ? or * to list all spells.
You fly up into the air.
Evoke which item? (* to show all) (? for menu, Esc to quit)
Aim the phial where?
Press: ? - help, Shift-Dir - straight line, f - you The water rises up and takes form.
Your body shudders with the violent release of wild energies!
You feel less contaminated with magical energies.
You have escaped!

#....####........#.#.###.######.#
#................................
#.#.#####........#.#.###.######..
#.#l# #..#.....#.#.# #.# #..
#l#.# #........#.#.# #.# #.#
#.#.# #.##...#########.######.#
#.#.# #.######≈≈≈..##......##.#
#g#.#####.######E≈≈≈.##......#...
#.#..l.........#8E8≈.'...........
#.#######.######E≈≈≈.##..)...#>..
#.# #......#≈≈≈..#........... #.#
###############.......... #.#
#.##.#.##......#... #.######
#.##....#..##..#... (......#
#.#............#... .......#
#...≈≈≈≈≈.≈≈≈≈.#.## ....>..#
#.#.≈≈≈≈≈.≈≈≈≈.#.#


You could see 3 friendly water elementals.

Vanquished Creatures
  Antaeus (Coc:7)
  Cerebov (Pan)
  the royal jelly (Slime:6)
  Ereshkigal (Tar:7)
  Gloorx Vloq (Pan)
  Lom Lobon (Pan)
  16 orbs of fire
  Khufu (Tomb:3)
  the Serpent of Hell (Tar:7)
  5 ancient liches
  23 greater mummies
  Saint Roka (Elf:2)
  Boris (Depths:4)
  A curse toe (Zot:2)
  Sojobo (Crypt:1)
  Margery (Tomb:1)
  A Killer Klown (Zot:5)
  Mennas (Vaults:3)
  7 golden dragons
  8 bone dragons
  15 Brimstone Fiends
  The ghost of glosham the Marksdemigod, a mighty DgFi (Tomb:1)
  3 electric golems
  A profane servitor (D:9)
  Arachne (Spider:3)
  7 Hell Sentinels
  13 tentacled monstrosities
  The ghost of namelastname112 the Faith Healer, a mighty DrHe of Elyvilon (Depths:1)
  26 Orb Guardians
  2 pandemonium lords
  11 Ice Fiends
  A titan (Depths:4)
  A deep elf blademaster (Elf:3)
  8 liches
  2 quicksilver dragons
  2 deep elf master archers (Elf:3)
  13 Executioners
  11 Shadow Fiends
  6 sphinxes
  10 acid blobs (Slime:6)
  9 storm dragons
  5 shadow dragons
  11 ancient champions
  4 daevas (Pan)
  8 tengu reavers
  2 corrupters (Pan)
  7 draconian monks
  7 fire giants
  4 frost giants
  13 azure jellies
  6 revenants
  6 draconian scorchers
  7 deep elf sorcerers
  An azure jelly (shapeshifter) (Vaults:5)
  10 iron dragons
  11 ghouls
  3 draconian knights
  11 ghost moths
  12 vault wardens
  Aizul (Depths:1)
  20 cacodemons
  Louise (Swamp:3)
  23 balrugs
  5 draconian zealots
  2 angels (Pan)
  2 octopode crushers
  8 emperor scorpions
  9 war gargoyles
  3 spriggan defenders
  A spectral weapon (Spider:2)
  30 reapers
  6 draconian annihilators
  8 draconian shifters
  3 apis (Pan)
  2 salamander firebrands (Hell)
  4 deep elf demonologists (Elf:3)
  The ghost of TwoHeadedOgre the Bludgeoner, a powerful OgFi of the Shining One (Depths:1)
  6 ophanim (Pan)
  6 stone giants
  4 vampire knights
  A draconian caller (Zot:3)
  8 deep elf annihilators
  5 grey draconians
  3 green draconians
  5 pale draconians
  10 white draconians
  A curse skull (Hell)
  3 lorocyprocas (Pan)
  10 shedu (Pan)
  3 red draconians
  3 dire elephants
  7 mottled draconians
  5 purple draconians
  A chaos champion (Pan)
  4 yellow draconians
  An orc warlord (Orc:1)
  10 black draconians
  2 unborn
  5 eidola
  Snorg (D:14)
  16 ettins
  6 deep elf death magi
  11 blizzard demons
  A crystal guardian (Vaults:4)
  2 merfolk javelineers
  3 quicksilver dragon zombies
  10 green deaths
  20 vault guards
  29 mummy priests
  3 merfolk impalers
  4 minotaurs
  Josephine (Orc:3)
  11 yaktaur captains
  A siren (Zig:5)
  8 ironheart preservers
  6 death oozes
  3 kraken zombies
  15 jiangshi
  6 death cobs
  6 great orbs of eyes
  3 deep elf high priests
  A ravenous item mimic (Depths:5)
  6 fire dragons
  A hydra (shapeshifter) (Depths:3)
  2 spriggan air magi
  4 rakshasas
  2 quicksilver dragon skeletons
  25 ice dragons
  12 ogre magi
  7 monstrous demonspawn (Pan)
  18 hydras
  A dancing weapon (Crypt:3)
  A ravenous feature mimic (Crypt:3)
  8 deep troll earth magi
  9 alligators
  5 death yaks
  8 deep troll shamans
  The ghost of MrRokkomies the Marksgargoyle, a powerful GrHu of Okawaru (D:11)
  2 merfolk aquamancers
  17 hell knights
  3 spriggan berserkers
  5 tengu warriors
  5 plague shamblers
  3 spectral salamanders (Hell)
  2 spectral elves
  4 titan zombies
  4 orc high priests
  6 spriggans
  5 shock serpents (Zig:8)
  6 vampire magi
  A catoblepas (Zig:10)
  3 hell hogs (Geh:1)
  14 centaur warriors
  15 soul eaters
  41 sun demons
  7 titan skeletons
  3 thrashing horrors
  10 very ugly things
  5 iron golems (Dis:7)
  6 storm dragon zombies
  21 deep elf knights
  4 wretched stars
  9 iron trolls
  A fire crab (Vaults:1)
  2 cherubim (Pan)
  10 shadow wraiths
  2 death drakes
  19 ice devils
  A spatial maelstrom (Zig:8)
  7 unseen horrors
  15 orb spiders
  13 flayed ghosts
  86 skeletal warriors
  5 golden dragon zombies
  11 shadow demons
  7 torturous demonspawn
  23 large abominations
  8 anaconda zombies
  3 giant orange brains
  A storm dragon skeleton (Zig:12)
  2 ghost moth zombies
  8 deep elf summoners
  2 sea snakes
  4 gelid demonspawn (Pan)
  3 golden dragon skeletons
  An ice statue (Vaults:4)
  A harpy (shapeshifter) (Vaults:5)
  11 ironbrand convokers
  21 deep trolls
  11 swamp dragons
  A quicksilver dragon simulacrum (Hell)
  Pikel (D:6)
  7 anaconda skeletons
  2 hill giants
  6 harpies
  A wizard (Vaults:2)
  10 orc knights
  A water nymph (shapeshifter) (Vaults:4)
  A shadow dragon zombie (Crypt:3)
  4 infernal demonspawn (Pan)
  4 iron dragon zombies
  18 hellions
  2 wolf spider zombies
  7 orc sorcerers
  9 red wasps
  3 kraken simulacra
  A cyclops (shapeshifter) (Zot:1)
  36 phantasmal warriors
  24 wolf spiders
  5 stone giant zombies
  A worldbinder (Zig:8)
  13 deep elf conjurers
  2 frost giant zombies
  7 putrid demonspawn (Pan)
  6 necromancers
  A shadow dragon skeleton (Zig:12)
  An elephant (shapeshifter) (Vaults:5)
  3 fire giant zombies
  A mana viper (Zig:8)
  2 iron dragon skeletons
  8 griffons
  3 cyclopes
  8 shining eyes
  6 black mambas
  A shock serpent zombie (Crypt:3)
  14 moths of wrath
  A salamander (shapeshifter) (D:14)
  2 dire elephant zombies
  3 fire giant skeletons
  6 vault sentinels
  18 elephants
  5 frost giant skeletons
  19 orange demons
  31 sixfirhies
  An apocalypse crab (Abyss:2)
  2 mermaids (Zig:9)
  A draconian skeleton (Zot:5)
  3 molten gargoyles
  A stone giant skeleton (Coc:6)
  4 manticores
  2 guardian serpents (Zig:8)
  2 eyes of devastation
  2 salamander zombies (Hell)
  A feature mimic (Lair:4)
  A queen ant (Spider:2)
  6 tengu conjurers
  20 tormentors
  A shock serpent skeleton (Geh:7)
  A dire elephant skeleton (Tar:3)
  2 emperor scorpion zombies
  A titan simulacrum (Coc:7)
  3 naga magi
  A spriggan skeleton (Zig:12)
  A yaktaur zombie (Zig:3)
  2 yellow draconian zombies
  A pale draconian zombie (Crypt:1)
  6 komodo dragons
  26 spiny frogs
  33 smoke demons
  A spiny frog (shapeshifter) (Depths:3)
  42 yaktaurs
  8 efreet
  A centaur zombie (Vaults:1)
  20 hellwings
  13 trolls
  68 guardian mummies
  An ancient zyme (Zig:8)
  20 demonic crawlers
  4 hell beasts
  A black draconian skeleton (Zot:2)
  A green draconian skeleton (Crypt:2)
  9 hydra zombies
  Grinder (D:5)
  26 freezing wraiths
  A white draconian skeleton (Zot:5)
  A boggart (shapeshifter) (Vaults:5)
  10 deep elf priests
  2 wind drakes
  29 blue devils
  2 harpy zombies
  8 giant fireflies
  30 red devils
  29 jumping spiders
  A steam dragon (D:12)
  15 boggarts
  5 centaur skeletons
  2 silent spectres (Crypt:3)
  A minotaur zombie (Crypt:3)
  2 harpy skeletons
  2 anaconda simulacra
  19 iron devils
  4 merfolk
  11 polar bears (IceCv)
  A wolf spider simulacrum (Tomb:3)
  15 two-headed ogres
  12 baby alligators
  8 giant leeches
  Prince Ribbit (D:7)
  A guardian serpent zombie (Crypt:1)
  19 brown oozes
  3 ettin zombies
  55 slime creatures
  4 hydra skeletons
  23 blink frogs
  20 ravens
  6 boulder beetles
  A death drake skeleton (Crypt:1)
  A fire vortex (Geh:7)
  A tarantella zombie (Crypt:2)
  An iron dragon simulacrum (Crypt:2)
  A raiju (Lair:1)
  6 alligator zombies
  6 ice dragon zombies
  11 bog bodies
  5 air elementals
  A fire giant simulacrum (Coc:4)
  4 basilisks
  6 fire dragon zombies
  28 trapdoor spiders
  A snapping turtle (shapeshifter) (Vaults:5)
  4 ice dragon skeletons
  24 shadows
  53 yaks
  46 redbacks
  A wyvern (D:12)
  19 deep elf magi
  A spriggan (shapeshifter) (Vaults:5)
  29 wraiths
  6 ynoxinuls
  3 griffon skeletons
  A hog (shapeshifter) (Crypt:1)
  6 fire dragon skeletons
  A yak (shapeshifter) (D:15)
  3 black mamba zombies
  39 ugly things
  25 water elementals
  11 sharks
  3 elephant slugs (Lair:8)
  A hill giant zombie (D:14)
  2 ettin skeletons
  31 tarantellas
  101 flying skulls
  18 neqoxecs
  10 hungry ghosts
  6 fire bats
  6 golden eyes
  28 vampires
  A hog (Elf:2)
  A dire elephant simulacrum (Tomb:2)
  25 deep elf fighters
  7 wargs
  6 fire elementals
  A hippogriff (shapeshifter) (Vaults:4)
  A hill giant skeleton (D:14)
  32 wolves
  A human zombie (D:15)
  A tengu zombie (D:14)
  30 vampire mosquitoes
  5 hippogriffs
  Edmund (D:8)
  8 chaos spawn
  17 water moccasins
  2 hydra simulacra
  A mottled dragon (D:14)
  An orange crystal statue (Zig:2)
  15 necrophages
  19 soldier ants
  4 small abominations (Depths:4)
  18 swamp worms
  An ogre skeleton (D:15)
  44 hell hounds
  2 tengu skeletons
  A black bear (shapeshifter) (Vaults:1)
  4 porcupines
  3 snapping turtle zombies
  4 spiny frog skeletons
  7 spiny frog zombies
  A torturous demonspawn skeleton (Crypt:3)
  37 spiders
  12 swamp drakes
  3 phantoms
  3 manticore zombies
  38 ogres
  3 black bears
  A porcupine (shapeshifter) (Vaults:5)
  45 orc warriors
  2 sky beasts
  A swamp dragon zombie (Coc:1)
  21 centaurs
  14 ice beasts
  2 yellow wasps
  13 lava worms (Volcano)
  A snapping turtle skeleton (Tar:3)
  A swamp dragon skeleton (Coc:6)
  A boring beetle (Zig:10)
  A draconian zombie (Crypt:2)
  12 lost souls
  A brain worm (D:13)
  2 big kobolds
  A boring beetle (shapeshifter) (D:14)
  8 crocodiles
  23 giant frogs
  11 giant slugs
  A chimera zombie (Crypt:1)
  A wyvern zombie (Crypt:1)
  A komodo dragon zombie (Crypt:1)
  2 chimera skeletons (Crypt:2)
  7 elf zombies
  A wyvern skeleton (D:9)
  A gnoll sergeant (D:6)
  5 insubstantial wisps
  A spriggan zombie (Tar:7)
  10 scorpions
  A water moccasin skeleton (Crypt:2)
  2 troll zombies (Geh:7)
  19 killer bees
  6 eyes of draining
  2 electric eels (Spider:2)
  4 goliath beetles
  29 wights
  12 hounds
  13 jellies
  5 quasits
  4 lava snakes (Volcano)
  31 iron imps
  6 crimson imps
  7 iguanas
  3 orange rats
  9 big fish
  26 orc priests
  41 worker ants
  42 orc wizards
  A porcupine skeleton (Crypt:3)
  10 sheep
  A hound zombie (Crypt:3)
  32 mummies
  A hound skeleton (D:4)
  5 gnolls
  22 adders
  17 white imps
  31 green rats
  16 shadow imps
  4 giant mites
  5 worms
  14 ufetubi
  An iguana zombie (D:5)
  2 adder zombies
  9 orc skeletons
  A halfling skeleton (Crypt:1)
  A snake skeleton (Crypt:2)
  10 giant eyeballs
  4 giant geckos
  4 oozes
  181 orcs
  9 giant cockroaches
  16 goblins
  21 hobgoblins
  19 jackals
  22 kobolds
  5 quokkas
  3 ball pythons
  17 bats
  2 giant newts
  A goblin skeleton (Crypt:3)
  A hobgoblin zombie (D:7)
  A kobold zombie (D:7)
  An orc simulacrum (Orc:3)
  7 orc zombies
  26 rats
  2 rat skeletons
  2 crawling corpses (Elf:3)
  2 fungi
  A plant (Lair:8)
  11 tentacles
  A tentacle segment (Coc:6)
4227 creatures vanquished.

Vanquished Creatures (collateral kills)
  Asmodeus (Geh:7)
  Dispater (Dis:7)
  An ancient lich (Zot:5)
  5 greater mummies
  Norris (Swamp:2)
  Geryon (Hell)
  A golden dragon (Zot:1)
  Jory (Crypt:2)
  An electric golem (Zot:5)
  Nikola (Elf:2)
  A lich (Depths:2)
  Asterion (Spider:2)
  A tentacled monstrosity (Depths:3)
  2 Ice Fiends
  2 Orb Guardians (Zot:5)
  A deep elf blademaster (Elf:3)
  2 titans (Vaults:5)
  3 sphinxes (Tomb:1)
  Rupert (Lair:6)
  A blood saint (Pan)
  Frances (Swamp:2)
  2 Executioners
  An ancient champion (Tomb:3)
  A shadow dragon (Depths:5)
  4 tengu reavers
  Roxanne (Swamp:3)
  A deep elf sorcerer (Depths:4)
  2 fire giants
  2 iron dragons (Dis:7)
  A draconian scorcher (Zot:3)
  Wiglaf (Swamp:5)
  Maud (Lair:8)
  A vault warden (Vaults:5)
  3 frost giants
  2 cacodemons (Pan)
  Jorgrun (Swamp:2)
  9 reapers
  2 stone giants
  A deep elf demonologist (Elf:3)
  3 draconian shifters
  3 rakshasas (Pan)
  A green draconian (Zot:5)
  2 apis (Pan)
  A mottled draconian (Zot:2)
  A red draconian (Zot:4)
  3 yellow draconians
  3 shedu (Pan)
  2 salamander firebrands
  2 black draconians
  A pale draconian (Zot:5)
  3 purple draconians
  A white draconian (Zig:11)
  6 ettins
  A deep elf annihilator (Elf:3)
  A deep elf death mage (Elf:1)
  7 mummy priests
  A blizzard demon (Pan)
  A death ooze (Slime:6)
  4 ironheart preservers
  A jiangshi (Tomb:3)
  5 yaktaur captains
  2 great orbs of eyes (Vaults:5)
  A spriggan air mage (Depths:5)
  13 vault guards (Vaults:5)
  4 ice dragons
  A ravenous item mimic (Vaults:5)
  A quicksilver dragon skeleton (Tomb:2)
  A monstrous demonspawn (Pan)
  6 hydras
  Erica (Lair:8)
  An alligator (Swamp:5)
  6 deep troll earth magi
  3 deep troll shamans
  2 death yaks (Depths:2)
  5 plague shamblers
  A spectral dire elephant (Tomb:3)
  3 death knights
  A titan zombie (Zig:12)
  An orc high priest (Zig:4)
  A hell hog (Geh:1)
  A spriggan berserker (Depths:3)
  A centaur warrior (Depths:1)
  An iron golem (Dis:7)
  2 ogre magi
  A hell knight (Tomb:1)
  2 deep elf knights
  2 shadow wraiths
  2 soul eaters
  A sun demon (Pan)
  2 infernal demonspawn (Pan)
  5 very ugly things
  A sea snake (Zig:9)
  3 skeletal warriors
  14 deep trolls
  An anaconda zombie (Coc:4)
  A spectral anaconda (Tomb:3)
  A putrid demonspawn (Pan)
  A giant orange brain (Pan)
  5 iron trolls (Dis:7)
  A shadow demon (Tar:7)
  An orb spider (Zig:6)
  4 ice devils
  An unseen horror (Depths:4)
  2 swamp dragons (Swamp:5)
  An ice statue (IceCv)
  3 orc knights
  2 hill giants
  A wolf spider (Spider:5)
  A golden dragon skeleton (Zig:9)
  A sphinx zombie (Zig:9)
  4 deep elf conjurers
  3 harpies (Vaults:4)
  A shining eye (Slime:6)
  3 phantasmal warriors
  A salamander (Geh:1)
  A wolf spider (shapeshifter) (Depths:2)
  2 sixfirhies (Pan)
  5 moths of wrath
  A frost giant zombie (Depths:4)
  A black mamba (Lair:4)
  A red wasp (Swamp:1)
  A griffon (Lair:7)
  A guardian serpent (Zig:8)
  A very ugly thing skeleton (Depths:3)
  2 elephants
  2 orc sorcerers
  A faun (shapeshifter) (Depths:1)
  2 vault sentinels (Vaults:5)
  A frost giant skeleton (Vaults:3)
  2 mermaids
  6 spiny frogs
  4 smoke demons
  A gargoyle (D:11)
  4 orange demons
  An ancient zyme (Zig:8)
  A yaktaur (shapeshifter) (Elf:2)
  4 hellwings (Pan)
  30 guardian mummies
  3 iron devils
  3 komodo dragons
  4 yaktaurs
  2 giant fireflies (Depths:5)
  2 freezing wraiths
  2 red devils
  2 polar bears (IceCv)
  2 boggarts
  A silent spectre (Crypt:2)
  4 blue devils
  2 fire elementals
  A merfolk (Zig:9)
  2 trolls
  A giant leech (Lair:8)
  A moth of wrath zombie (Zot:2)
  14 slime creatures
  4 two-headed ogres
  2 boulder beetles
  6 ravens
  4 sharks (Lair:8)
  A fire dragon skeleton (D:14)
  2 vampires
  6 blink frogs
  8 flying skulls
  3 ynoxinuls
  2 air elementals (Depths:4)
  3 brown oozes (Slime:6)
  An ettin skeleton (Coc:3)
  3 spriggans
  A redback (Spider:2)
  5 water elementals
  A baby alligator (Swamp:3)
  A black mamba zombie (Coc:4)
  2 deep elf magi
  3 shadows
  22 yaks
  7 ugly things
  An ugly thing skeleton (D:12)
  A sky beast (Lair:8)
  2 hungry ghosts
  3 neqoxecs
  2 deep elf fighters (Elf:3)
  4 vampire mosquitoes
  A chaos spawn (Tomb:2)
  2 hell beasts (Hell)
  A hippogriff (Lair:1)
  9 wolves
  A gelid demonspawn zombie (Crypt:2)
  3 hell hounds
  9 swamp worms
  2 spatial vortices (Lair:4)
  8 orc warriors
  5 water moccasins
  An orb spider zombie (Crypt:3)
  A naga (shapeshifter) (Depths:1)
  A spiny frog zombie (Coc:4)
  A dwarf (D:12)
  2 spiders (Depths:4)
  A swamp dragon zombie (Coc:4)
  An ice dragon simulacrum (Coc:4)
  An alligator simulacrum (Coc:4)
  A snapping turtle zombie (Dis:7)
  3 ice beasts
  A necrophage (Tar:7)
  2 lava worms (Volcano)
  15 ogres
  A boring beetle (Zig:10)
  2 manticore skeletons
  A big kobold (D:9)
  2 crocodiles
  8 giant frogs
  3 centaurs
  2 elf zombies (Elf:1)
  An elf simulacrum (Zig:9)
  5 insubstantial wisps
  An eye of draining (shapeshifter) (Vaults:4)
  4 killer bees
  A goliath beetle (D:6)
  A human simulacrum (Vaults:3)
  A wolf skeleton (IceCv)
  A crimson imp (D:15)
  A hound (D:5)
  A jelly (Slime:6)
  Crazy Yiuf (D:4)
  An elf skeleton (Elf:3)
  3 orc wizards
  8 big fish
  An iguana (D:5)
  7 iron imps
  2 worker ants (Depths:4)
  10 sheep
  15 mummies
  3 gnolls (D:7)
  An adder (Lair:8)
  5 green rats
  4 shadow imps
  A giant mite (Lair:6)
  3 white imps
  7 ufetubi
  A giant eyeball (Slime:5)
  22 orcs
  2 bats
  3 hobgoblins
  3 jackals
  A giant spore (D:9)
  A goblin (Zig:4)
  2 kobolds (D:9)
  A kobold skeleton (D:7)
  3 orc zombies
  A quokka (Lair:6)
  A rat skeleton (Orc:4)
  2 fungi
  3 plants (Lair:8)
  A tentacle (Coc:5)
698 creatures vanquished.

Vanquished Creatures (others)
  An eldritch tentacle (Pan)
  Agnes (Swamp:3)
  A jiangshi (Crypt:3)
  A quicksilver dragon skeleton (Depths:4)
  An ice dragon (Depths:5)
  A soul eater (Depths:4)
  7 dancing weapons
  An orc high priest (Orc:4)
  2 very ugly things (Depths:5)
  2 titan skeletons
  A deep elf knight (Elf:3)
  4 storm dragon skeletons
  A felid skeleton (Elf:3)
  8 large abominations
  An anaconda skeleton (Tomb:2)
  A shadow dragon skeleton (Depths:5)
  4 sphinx skeletons
  3 very ugly thing skeletons
  25 human skeletons
  4 iron dragon skeletons
  A dire elephant zombie (Tomb:2)
  An apis skeleton (Pan)
  A frost giant skeleton (Depths:2)
  11 draconian skeletons
  A shock serpent skeleton (Zig:8)
  A dire elephant skeleton (Depths:4)
  2 red draconian skeletons
  4 ball lightnings
  An iron devil (Swamp:5)
  2 purple draconian skeletons
  3 black draconian skeletons (Zot:2)
  2 ghoul skeletons
  14 air elementals
  2 white draconian skeletons
  A freezing wraith (Coc:3)
  2 pale draconian skeletons
  A polar bear (IceCv)
  6 iron troll skeletons
  3 death yak skeletons (Depths:2)
  67 fire elementals
  A yaktaur (Vaults:4)
  3 yellow draconian skeletons (Zot:1)
  149 water elementals
  A hellwing (Depths:4)
  4 harpy skeletons
  6 hydra skeletons
  A minotaur skeleton (Depths:3)
  11 shedu skeletons (Pan)
  A fire vortex (Geh:7)
  7 trapdoor spiders
  A harpy (Tomb:1)
  6 ettin skeletons
  2 alligator skeletons
  2 fire dragon skeletons
  2 shadows (Zot:3)
  2 flying skulls
  3 griffon skeletons
  3 ugly things (Depths:5)
  A ynoxinul (Pan)
  11 ice dragon skeletons
  2 merfolk skeletons
  2 redbacks (Vaults:4)
  A vampire mosquito (Zig:11)
  4 deep elf fighters
  2 hill giant skeletons
  3 yaks
  A plague shambler skeleton (Crypt:2)
  A wraith (Zig:12)
  A steam dragon (Zig:7)
  4 chaos spawn
  3 ugly thing skeletons
  2 neqoxecs (Pan)
  8 raven skeletons
  A water moccasin (Zig:10)
  16 deep troll skeletons
  2 torturous demonspawn skeletons (Pan)
  3 monstrous demonspawn skeletons (Pan)
  5 putrid demonspawn skeletons (Pan)
  An infernal demonspawn skeleton (Pan)
  2 slaves (D:6)
  An ice beast (D:5)
  An ogre (D:6)
  11 spiny frog skeletons
  A swamp drake (Zig:7)
  3 spiders
  2 baby alligator skeletons
  An earth elemental (Crypt:2)
  3 yellow wasps (Lair:8)
  9 blink frog skeletons
  7 swamp dragon skeletons
  5 elephant skeletons
  2 lost souls (Crypt:3)
  A manticore skeleton (D:11)
  16 yaktaur skeletons
  2 komodo dragon skeletons
  An insubstantial wisp (Abyss:3)
  A wyvern skeleton (D:12)
  A water moccasin skeleton (Lair:6)
  17 hell hound skeletons
  3 troll skeletons
  A raiju skeleton (Lair:1)
  A hippogriff skeleton (D:9)
  A scorpion (Zig:11)
  A warg skeleton (Vaults:1)
  A killer bee (Lair:8)
  10 tengu skeletons
  3 polar bear skeletons (IceCv)
  6 spriggan skeletons
  21 quasits
  A naga skeleton (Vaults:2)
  19 yak skeletons
  17 crimson imps
  10 wolf skeletons
  9 giant frog skeletons
  7 centaur skeletons
  A two-headed ogre skeleton (D:12)
  16 iron imps
  41 elf skeletons
  A basilisk skeleton (D:13)
  3 bog body skeletons
  2 orc wizards
  3 porcupine skeletons
  2 sheep (Lair:8)
  A worker ant (Zig:11)
  18 ogre skeletons
  2 necrophage skeletons
  A crocodile skeleton (Swamp:1)
  A mottled dragon skeleton (D:14)
  2 mummies (Tomb:2)
  3 hound skeletons
  26 shadow imps
  2 big fish skeletons (Lair:8)
  2 swamp drake skeletons
  14 white imps
  A worm (Spider:4)
  27 ufetubi
  2 iguana skeletons
  2 sheep skeletons (Lair:8)
  3 adder skeletons
  An orc (Vaults:4)
  2 gnoll skeletons
  2 goblin skeletons
  5 green rat skeletons
  4 hobgoblin skeletons
  3 jackal skeletons
  A kobold skeleton (D:9)
  47 orc skeletons
  2 quokkas
  2 quokka skeletons
  3 rat skeletons
  10 butterflies
  99 eldritch tentacle segments
  29 fungi
  26 plants
  36 tentacles
  591 tentacle segments
1712 creatures vanquished.

Grand Total: 6637 creatures vanquished

Notes
Turn   | Place    | Note
--------------------------------------------------------------
     0 | D:1      | Ankalagon, the Felid Chaos Knight, began the quest for the Orb.
     0 | D:1      | Reached XP level 1. HP: 10/10 MP: 2/2
    14 | D:1      | Reached skill level 1 in Stealth
    16 | D:1      | XOM: silly message
    24 | D:1      | XOM: scenery: 1 doors close
   283 | D:1      | XOM: confuse monster(s)
   293 | D:1      | Reached XP level 2. HP: 11/14 MP: 3/3
   321 | D:1      | XOM: mild Trmt miscast
   496 | D:1      | XOM: 2-stop teleportation journey
   518 | D:1      | XOM: divination: detect items
   638 | D:1      | XOM: silly message
   692 | D:2      | XOM: vitrification
   733 | D:2      | XOM: cast spell 'Dragon Form'
   776 | D:2      | Reached XP level 3. HP: 16/17 MP: 5/5
   979 | D:2      | Reached skill level 4 in Unarmed Combat
  1551 | D:2      | XOM is BORED!
  1551 | D:2      | XOM: give mutation
  1551 | D:2      | Gained mutation: You are weak. (Str -2) [Xom's mischief]
  1830 | D:3      | Found a basalt altar of Yredelemnul.
  2017 | D:3      | Found a blossoming altar of Fedhas.
  2033 | D:3      | Lost mutation: You are weak. (Str -2) [potion of cure mutation]
  2036 | D:3      | Reached XP level 4. HP: 21/21 MP: 7/7
  2060 | D:3      | Killed from afar by an orc wizard
  2061 | D:3      | Reached XP level 3. HP: -7/17 MP: 14/14
  2433 | D:3      | XOM: polymorph giant cockroach -> ball python
  2449 | D:3      | XOM: enchant monster (good)
  2450 | D:3      | XOM: summons 3 friendly demons
  2451 | D:3      | Reached skill level 5 in Stealth
  2451 | D:3      | Reached XP level 4. HP: 13/21 MP: 7/7
  3010 | D:3      | XOM: summons 2 hostile demons
  3212 | D:3      | XOM: mild Trmt miscast
  3523 | D:4      | XOM: potion effect (berserk rage)
  3527 | D:4      | XOM: confuse monster(s)
  3604 | D:4      | XOM: god gift: robe {god gift}
  3686 | D:4      | Reached XP level 5. HP: 22/24 MP: 8/8
  3831 | D:4      | XOM: give mutation
  3831 | D:4      | Gained mutation: You are partially covered in rough black scales (AC +4, Dex -1). [Xom's grace]
  3924 | D:4      | XOM: vitrification
  4066 | D:4      | XOM: 8-stop teleportation journey
  4067 | D:4      | Noticed an ogre
  4081 | D:4      | Killed an ogre
  4081 | D:4      | Reached skill level 5 in Unarmed Combat
  4197 | D:4      | Gained mutation: You are covered in thick fur (AC +2). [growing up]
  4197 | D:4      | Gained mutation: You can jump attack at a medium distance. [growing up]
  4197 | D:4      | Reached XP level 6. HP: 25/28 MP: 10/10
  4348 | D:4      | Noticed Crazy Yiuf
  4362 | D:4      | Killed Crazy Yiuf
  4362 | D:4      | Reached skill level 6 in Unarmed Combat
  4640 | D:4      | XOM: harmless Divn miscast
  4790 | D:4      | XOM: god gift: 7 needles of paralysis
  4817 | D:5      | Entered Level 5 of the Dungeon
  4839 | D:5      | XOM: cast spell 'Shadow Creatures'
  4842 | D:5      | XOM: enchant monster (good)
  5033 | D:5      | XOM: confusion (+ monsters)
  5258 | D:5      | XOM: polymorph worm -> big kobold
  5390 | D:4      | XOM: god gift: morningstar {god gift}
  5418 | D:5      | XOM: destruction
  5421 | D:5      | XOM: 9-stop teleportation journey
  5627 | D:5      | Reached skill level 7 in Unarmed Combat
  5872 | D:5      | Reached XP level 7. HP: 31/31 MP: 12/12
  6131 | D:5      | Reached skill level 8 in Unarmed Combat
  6138 | D:5      | XOM: vitrification
  6253 | D:5      | XOM: vitrification
  6410 | D:5      | Noticed Grinder
  6553 | D:5      | XOM: confuse monster(s)
  6555 | D:5      | XOM: god gift: long sword {god gift}
  6742 | D:6      | XOM: cast spell 'Summon Hydra'
  6888 | D:6      | XOM: chaos upgrade
  7002 | D:5      | XOM: summons 3 friendly demons
  7137 | D:6      | XOM: harmless Tloc miscast
  7250 | D:6      | Reached skill level 9 in Unarmed Combat
  7258 | D:6      | Reached skill level 1 in Evocations
  7300 | D:6      | Found a white marble altar of Elyvilon.
  7302 | D:6      | Noticed Pikel
  7331 | D:6      | Learned a level 1 spell: Animate Skeleton
  7365 | D:6      | Found a staircase to the Ecumenical Temple.
  7374 | D:6      | Reached XP level 8. HP: 34/34 MP: 14/14
  7420 | D:6      | Found a snail-covered altar of Cheibriados.
  7827 | D:5      | Reached skill level 1 in Necromancy
  7842 | D:5      | XOM: enchant monster (bad)
  7844 | D:5      | XOM: enchant monster (good)
  7848 | D:5      | XOM: medium Tloc miscast
  8126 | D:5      | Killed Grinder
  8126 | D:5      | Reached skill level 1 in Spellcasting
  8147 | D:5      | Learned a level 3 spell: Vampiric Draining
  8163 | D:6      | XOM: summons 2 friendly demons
  8176 | D:6      | Killed Pikel
  8176 | D:6      | Reached skill level 5 in Necromancy
  8192 | D:6      | XOM: mild Summ miscast
  8282 | D:6      | XOM: noise
  8337 | D:6      | XOM: noise
  8646 | D:6      | Reached XP level 9. HP: 25/37 MP: 18/18
  8709 | D:6      | Found a bloodstained altar of Trog.
  8713 | D:6      | XOM is BORED!
  8713 | D:6      | XOM: mild Chrm miscast
  8841 | D:7      | Found Pait's Weapon Boutique.
  8847 | D:6      | XOM: medium Divn miscast
  8928 | D:7      | XOM: medium Erth miscast
  9099 | D:7      | Noticed Prince Ribbit
  9175 | D:7      | XOM: harmless Chrm miscast
  9370 | D:7      | XOM: mild Tloc miscast
  9835 | D:7      | XOM: confuse monster(s)
  9847 | D:7      | Killed Prince Ribbit
  9896 | D:7      | XOM: give mutations
  9896 | D:7      | Gained mutation: You are weak. (Str -2) [Xom's mischief]
 10002 | D:7      | XOM: medium Divn miscast
 10416 | D:8      | XOM: medium Necr miscast
 10555 | D:8      | XOM: swap monsters
 10611 | D:8      | XOM: colour smoke trail
 10661 | D:8      | Noticed Edmund
 10669 | D:8      | XOM: harmless Divn miscast
 10685 | D:8      | Killed Edmund
 10685 | D:8      | Reached skill level 5 in Dodging
 10748 | D:8      | XOM: give mutations
 10748 | D:8      | Lost mutation: You are weak. (Str -2) [Xom's mischief]
 10748 | D:8      | Gained mutation: You can breathe flames. [Xom's mischief]
 10759 | D:8      | XOM: scenery: 1 doors open
 10768 | D:8      | Found a glowing silver altar of Zin.
 10823 | D:8      | XOM: swap monsters
 10827 | D:8      | XOM: god gift: bread ration
 11019 | D:8      | XOM: give mutation
 11019 | D:8      | Gained mutation: You need consume almost no food. [Xom's mischief]
 11174 | D:9      | Found Sasod's Gadget Emporium.
 11258 | D:9      | XOM: swap monsters
 11283 | D:9      | XOM: cast spell 'Death Channel'
 11287 | D:9      | XOM: swap monsters
 11324 | D:9      | XOM is BORED!
 11324 | D:9      | XOM: noise
 11330 | D:9      | XOM: enchant monster (good)
 11335 | D:9      | Reached XP level 10. HP: 19/43 MP: 15/20
 11428 | D:9      | XOM: summons 5 friendly demons
 11445 | D:9      | Reached skill level 5 in Evocations
 11517 | D:9      | XOM: harmless Fire miscast
 11576 | D:9      | Learned a level 3 spell: Regeneration
 11795 | D:9      | Found Thaer's Book Shoppe.
 11841 | D:9      | Reached skill level 1 in Charms
 12015 | D:9      | Paralysed by a giant eyeball for 4 turns
 12023 | D:9      | Paralysed by a giant eyeball for 2 turns
 12055 | D:9      | Found Skakhuw's Jewellery Emporium.
 12128 | D:9      | Bought a phial of floods for 600 gold pieces
 12185 | D:9      | XOM is BORED!
 12185 | D:9      | XOM: mild Trmt miscast
 12270 | D:9      | XOM: enchant monster (good)
 12305 | D:10     | Entered Level 10 of the Dungeon
 12465 | D:10     | XOM: blink monster(s)
 12522 | D:10     | XOM: divination: detect creatures
 12559 | D:10     | XOM: cast spell 'Summon Ice Beast'
 12724 | D:10     | Reached skill level 10 in Unarmed Combat
 12757 | D:10     | XOM: medium Tloc miscast
 12762 | D:10     | XOM: confusion
 12805 | D:10     | XOM: 1-stop teleportation journey
 12886 | D:10     | XOM: summons friendly crimson imp
 12895 | D:10     | Noticed Harold
 12972 | D:10     | Found Wawijag's Gadget Boutique.
 13082 | D:10     | XOM: confusion (+ monsters)
 13351 | D:11     | XOM: noise
 13420 | D:11     | Found a staircase to the Lair.
 13447 | D:11     | Noticed a manticore
 13528 | D:11     | Reached XP level 11. HP: 27/46 MP: 25/25
 13682 | D:11     | Reached skill level 11 in Unarmed Combat
 13709 | D:11     | Noticed a skeletal warrior
 13718 | D:11     | XOM: cast spell 'Ring of Flames'
 13721 | D:11     | Reached skill level 5 in Fighting
 13724 | D:11     | Found Fiozio's Magic Scroll Emporium.
 13724 | D:11     | XOM: 4-stop teleportation journey
 13778 | D:11     | XOM: medium Conj miscast
 13833 | D:11     | XOM: noise
 13907 | D:11     | Paralysed by a giant eyeball for 4 turns
 13988 | D:11     | XOM: confusion
 13996 | D:11     | XOM: summons 3 hostile demons
 13998 | D:11     | Slain by a yak
 13999 | D:11     | Reached XP level 10. HP: -1/44 MP: 33/33
 13999 | D:11     | FUCKER
 13999 | D:11     | YOU STINking fuck
 14004 | D:11     | Noticed a skeletal warrior
 14007 | D:11     | Noticed a skeletal warrior
 14086 | D:11     | Killed a manticore
 14086 | D:11     | Reached skill level 5 in Charms
 14266 | D:11     | XOM: enchant monster (bad)
 14319 | D:11     | XOM: summons friendly ufetubus
 14340 | D:11     | Killed a skeletal warrior
 14372 | D:11     | XOM: noise
 14376 | D:11     | XOM: confuse monster(s)
 14414 | D:11     | Killed a skeletal warrior
 14449 | D:11     | Killed a skeletal warrior
 14488 | D:11     | Noticed MrRokkomies' ghost (powerful GrHu)
 14488 | D:11     | XOM: summons friendly white imp
 14514 | D:11     | Killed MrRokkomies' ghost
 14658 | D:11     | XOM: mild Ice miscast
 14690 | Lair:1   | Entered Level 1 of the Lair of Beasts
 14714 | Lair:1   | XOM: harmless Hex miscast
 14725 | Lair:1   | XOM: divination: magic mapping
 14750 | Lair:1   | XOM: potion effect (agility)
 14779 | Lair:2   | Learned a level 7 spell: Dragon Form
 14936 | Lair:1   | Reached skill level 10 in Dodging
 14939 | Lair:1   | Reached XP level 11. HP: 42/48 MP: 25/25
 14990 | Lair:1   | XOM: potion effect (berserk rage)
 14995 | Lair:1   | XOM: harmless Summ miscast
 15077 | Lair:1   | XOM: silly message
 15094 | Lair:1   | XOM: polymorph yak -> raiju
 15209 | Lair:1   | XOM: cast spell 'Cause Fear'
 15214 | Lair:1   | XOM: potion effect (might)
 15229 | Lair:1   | XOM: confuse monster(s)
 15411 | Lair:1   | Noticed a four-headed hydra
 15420 | Lair:1   | XOM: potion effect (haste)
 15430 | Lair:1   | Killed a four-headed hydra
 15910 | Lair:2   | XOM: potion effect (haste)
 16013 | Lair:2   | XOM: harmless Conj miscast
 16479 | Lair:3   | XOM: colour smoke trail
 16562 | Lair:3   | Reached skill level 10 in Fighting
 16584 | Lair:3   | XOM: confuse monster(s)
 16605 | Lair:3   | Reached skill level 1 in Transmutations
 16606 | Lair:3   | XOM: confuse monster(s)
 16948 | Lair:3   | XOM: divination: detect creatures
 16973 | Lair:3   | XOM: harmless Summ miscast
 17070 | Lair:3   | XOM: severe Ice miscast
 17111 | Lair:3   | XOM: mild Pois miscast
 17658 | Lair:4   | Found a hole to the Spider Nest.
 17745 | Lair:4   | Reached skill level 5 in Transmutations
 17745 | Lair:4   | Gained mutation: Your thick and shaggy fur keeps you warm (AC +3, rC+). [growing up]
 17745 | Lair:4   | Gained mutation: You can jump attack at a long distance. [growing up]
 17745 | Lair:4   | Reached XP level 12. HP: 51/58 MP: 22/26
 17839 | Lair:4   | XOM: enchant monster (bad)
 17848 | Lair:4   | XOM: blink monster(s)
 17926 | Lair:4   | XOM: harmless Summ miscast
 17954 | Lair:4   | XOM: medium Summ miscast
 18213 | Lair:4   | XOM: summons 12 friendly demons
 18239 | Lair:4   | XOM: potion effect (heal wounds)
 18508 | Lair:5   | Found a labyrinth entrance.
 18514 | Lab      | Entered a labyrinth
 18928 | Lab      | Noticed a minotaur
 18956 | Lab      | Demolished by a minotaur
 18957 | Lab      | Reached XP level 11. HP: -20/54 MP: 16/25
 18966 | Lab      | Killed a minotaur
 19040 | Lab      | Fuck whoever messed with lab loot
 19114 | Lair:5   | XOM: noise
 19609 | Lair:5   | XOM: medium Divn miscast
 19671 | Lair:5   | XOM: summons 1 hostile demon
 19686 | Lair:5   | XOM: enchant monster (bad)
 19926 | Lair:6   | XOM: mild Hex miscast
 19970 | Lair:6   | Found a viscous altar of Jiyva.
 19970 | Lair:6   | Found a staircase to the Slime Pits.
 19980 | Lair:6   | Noticed Rupert
 20118 | Lair:6   | XOM: mild Chrm miscast
 20120 | Lair:6   | XOM: harmless Ice miscast
 20127 | Lair:6   | Reached skill level 10 in Transmutations
 20132 | Lair:6   | Found a staircase to the Swamp.
 20306 | Lair:6   | XOM: summons friendly white imp
 20363 | Lair:6   | XOM: give mutation
 20363 | Lair:6   | Lost mutation: You need consume almost no food. [Xom's mischief]
 20387 | Lair:6   | XOM: noise
 20458 | Lair:6   | XOM: summons friendly iron imp
 20466 | Lair:6   | XOM: polymorph spiny frog -> wind drake
 20589 | Lair:6   | XOM: harmless Tloc miscast
 20681 | Lair:6   | XOM: summons 2 friendly demons
 20687 | Lair:6   | Reached XP level 12. HP: 58/58 MP: 26/26
 20735 | Lair:6   | XOM: enchant monster (good)
 20743 | Lair:6   | XOM: confusion (+ monsters)
 20760 | Lair:6   | XOM: enchant monster (bad)
 20766 | Lair:6   | XOM: give mutations
 20766 | Lair:6   | Gained mutation: You are dopey. (Int -2) [Xom's mischief]
 20766 | Lair:6   | Gained mutation: You are frail (-10% HP). [Xom's mischief]
 20766 | Lair:6   | Gained mutation: You have a pair of small horns on your head. [Xom's mischief]
 20770 | Lair:6   | XOM: confusion (+ monsters)
 20800 | Lair:6   | XOM: silly message
 20808 | Lair:6   | XOM: medium Trmt miscast
 20899 | Lair:6   | XOM: noise
 20902 | Lair:6   | Killed Rupert
 20904 | Lair:6   | XOM: god gift: 1450 gold pieces
 20993 | Lair:6   | Your ally Rupert died
 21156 | Lair:6   | XOM: colour smoke trail
 21289 | Lair:6   | XOM: harmless Conj miscast
 21624 | Lair:7   | XOM: enchant monster (good)
 21837 | Lair:7   | Reached skill level 12 in Transmutations
 21945 | Lair:7   | XOM: blink monster(s)
 21963 | Lair:7   | XOM: summons 3 friendly demons
 22029 | Lair:7   | XOM: summons 3 friendly demons
 22215 | Lair:7   | XOM: harmless Pois miscast
 22247 | Lair:7   | XOM: harmless Divn miscast
 22421 | Lair:8   | Entered Level 8 of the Lair of Beasts
 22425 | Lair:8   | XOM: snakes to sticks
 22441 | Lair:7   | XOM: harmless Tloc miscast
 22443 | Lair:7   | XOM: potion effect (magic)
 22460 | Lair:7   | XOM: cast spell 'Summon Butterflies'
 22559 | Lair:8   | XOM: enchant monster (bad)
 22585 | Lair:8   | XOM: harmless Trmt miscast
 22636 | Lair:8   | Reached skill level 13 in Transmutations
 22644 | Lair:8   | XOM: cast spell 'Ring of Flames'
 22659 | Lair:8   | XOM: noise
 22769 | Lair:8   | XOM: divination: detect creatures
 22796 | Lair:8   | XOM: harmless Conj miscast
 22798 | Lair:8   | XOM: enchant monster (good)
 22864 | Lair:8   | XOM: noise
 22865 | Lair:8   | XOM: enchant monster (bad)
 22910 | Lair:7   | XOM: silly message
 22981 | Lair:7   | XOM: harmless Fire miscast
 23041 | Lair:8   | XOM: confuse monster(s)
 23102 | Lair:8   | Noticed a seven-headed hydra
 23106 | Lair:8   | XOM: cast spell 'Summon Swarm'
 23113 | Lair:8   | Killed a seven-headed hydra
 23113 | Lair:8   | Reached skill level 14 in Transmutations
 23135 | Lair:8   | Noticed Erica
 23139 | Lair:8   | Reached XP level 13. HP: 54/54 MP: 27/27
 23147 | Lair:8   | Killed Erica
 23152 | Lair:8   | Noticed a six-headed hydra
 23160 | Lair:8   | Killed a six-headed hydra
 23215 | Lair:8   | XOM: divine lightning (protected)
 23241 | Lair:8   | XOM: divination: detect items
 23263 | Lair:8   | XOM: 4-stop teleportation journey
 23264 | Lair:8   | Noticed Maud
 23264 | Lair:8   | XOM: divination: detect creatures
 23264 | Lair:8   | Your ally Erica died
 23377 | Lair:8   | XOM: summons friendly quasit
 23397 | Lair:8   | XOM: enchant monster (good)
 23405 | Lair:8   | XOM: summons 2 friendly demons
 23423 | Lair:8   | XOM: destruction
 23439 | Lair:7   | XOM: vitrification
 23608 | Lair:8   | XOM: confuse monster(s)
 23613 | Lair:8   | XOM: divine lightning (protected)
 23798 | Lair:8   | XOM: give mutations
 23798 | Lair:8   | Gained mutation: You are partially covered in molten scales (AC +1). [Xom's grace]
 23798 | Lair:8   | Gained mutation: You need consume almost no food. [Xom's grace]
 23798 | Lair:8   | Gained mutation: You can spit poison. [Xom's grace]
 23801 | Lair:8   | XOM: divination: detect creatures
 23808 | Lair:8   | XOM: cast spell 'Olgreb's Toxic Radiance'
 23815 | Lair:8   | Reached skill level 15 in Transmutations
 23819 | Lair:8   | XOM: cast spell 'Stoneskin'
 23838 | Lair:8   | XOM: enchant monster (good)
 23891 | Lair:8   | XOM: confuse monster(s)
 23908 | Lair:8   | XOM: enchant monster (good)
 23984 | Lair:8   | XOM: summons 4 friendly demons
 23986 | Lair:8   | XOM: confuse monster(s)
 24141 | Lair:8   | XOM: potion effect (berserk rage)
 24305 | Lair:8   | XOM: noise
 24316 | Lair:8   | XOM: noise
 24325 | Lair:8   | Killed Maud
 24506 | D:11     | XOM: mild Erth miscast
 24665 | D:12     | XOM: divination: detect creatures
 24761 | D:12     | Reached skill level 16 in Transmutations
 24763 | D:12     | XOM: enchant monster (good)
 24834 | D:12     | XOM: polymorph yellow wasp -> dwarf
 25013 | D:12     | XOM: mild Ice miscast
 25027 | D:12     | XOM: enchant monster (good)
 25038 | D:12     | XOM: enchant monster (bad)
 25054 | D:12     | XOM: enchant monster (bad)
 25188 | D:12     | XOM: god gift: scroll of vulnerability
 25378 | D:12     | XOM: confuse monster(s)
 25406 | D:12     | XOM: 6-stop teleportation journey
 25585 | D:12     | XOM: summons 2 hostile shadow creatures
 25599 | D:12     | XOM: god gift: scroll of blinking
 25626 | D:12     | XOM: vitrification
 25691 | D:12     | XOM: god gift: 48 gold pieces
 25846 | D:12     | Found a staircase to the Orcish Mines.
 26022 | D:9      | XOM: god gift: 8 poisoned tomahawks
 26029 | D:9      | Bought an uncursed ring of teleport control for 650 gold pieces
 26029 | D:9      | Bought an uncursed ring of protection from magic for 325 gold pieces
 26029 | D:9      | Bought an uncursed ring of protection from fire for 325 gold pieces
 26082 | D:9      | Bought a wand of teleportation (4) for 360 gold pieces
 26250 | D:12     | XOM: harmless Tloc miscast
 26252 | Orc:1    | Entered Level 1 of the Orcish Mines
 26392 | Orc:1    | XOM: scenery: create altars
 26514 | Orc:1    | Reached skill level 5 in Spellcasting
 26630 | Orc:1    | XOM: divination: detect creatures
 26738 | Orc:1    | XOM: vitrification
 26891 | Orc:2    | XOM: god gift: 37 gold pieces
 26914 | Orc:2    | Noticed an orc warlord
 27071 | Orc:1    | XOM: confuse monster(s)
 27159 | Orc:1    | Killed an orc warlord
 27159 | Orc:1    | XOM: scenery: create altars
 27365 | Orc:2    | XOM: cast spell 'Confusing Touch'
 27415 | Orc:2    | Found a roughly hewn altar of Beogh.
 27524 | Orc:2    | Reached XP level 14. HP: 39/59 MP: 20/29
 27542 | Orc:2    | Found a glowing golden altar of the Shining One.
 27715 | Orc:2    | XOM: god gift: centaur barding {god gift}
 27941 | Orc:2    | XOM: 1-stop teleportation journey
 28042 | Orc:3    | Found a staircase to the Elven Halls.
 28070 | Orc:3    | XOM: blink monster(s)
 28124 | Orc:3    | Found a dark tunnel.
 28130 | Volcano  | Entered a volcano
 28200 | Volcano  | XOM: polymorph lava worm -> raven
 28232 | Volcano  | XOM: 1-stop teleportation journey
 28461 | Volcano  | XOM: summons friendly iron imp
 28485 | Volcano  | Found a bloodstained altar of Trog.
 28634 | Orc:3    | Reached skill level 17 in Transmutations
 28635 | Orc:3    | Found a frozen archway.
 28659 | IceCv    | Entered an ice cave
 28727 | IceCv    | XOM: confusion (+ monsters)
 28985 | IceCv    | XOM: 1-stop teleportation journey
 29036 | IceCv    | XOM: cast spell 'Dispersal'
 29157 | IceCv    | Identified a scroll of acquirement
 29325 | IceCv    | Noticed a frost giant
 29366 | IceCv    | Killed a frost giant
 29725 | Orc:3    | XOM: silly message
 29809 | Orc:3    | Noticed Josephine
 29944 | Orc:3    | Noticed Psyche
 29951 | Orc:3    | Noticed Psyche
 29951 | Orc:3    | Psyche changed into Psyche the spider
 29954 | Orc:3    | Killed Psyche the spider
 30014 | Orc:3    | XOM: noise
 30374 | Orc:3    | Killed Josephine
 30468 | Orc:4    | Entered Level 4 of the Orcish Mines
 30555 | Orc:4    | XOM: silly message
 30652 | Orc:4    | XOM: medium Summ miscast
 31562 | Orc:4    | XOM: summons 3 hostile shadow creatures
 31563 | Orc:4    | Noticed an orc warlord
 31565 | Orc:4    | goddamnit xom
 31565 | Orc:4    | Killed from afar by an orc priest
 31566 | Orc:4    | Reached XP level 13. HP: -7/55 MP: 28/28
 31656 | Orc:3    | XOM: silly message
 31887 | Orc:4    | XOM: blink monster(s)
 31909 | Orc:4    | Upgraded the game from 0.15-a0-368-g875a5fb to 0.15-a0-411-g153a95e
 31942 | Orc:4    | XOM: colour smoke trail
 32061 | Orc:4    | Found Oceoso's Distillery.
 32061 | Orc:4    | Found Straateca's Antique Weapon Shop.
 32133 | Orc:4    | XOM: summons 6 hostile demons
 32137 | Orc:4    | XOM: give mutations
 32137 | Orc:4    | Gained mutation: You are weak. (Str -2) [Xom's mischief]
 32137 | Orc:4    | Gained mutation: You are very weak. (Str -4) [Xom's mischief]
 32159 | Orc:4    | XOM: blink monster(s)
 32252 | Orc:4    | XOM: mild Ice miscast
 32368 | Orc:4    | XOM: enchant monster (good)
 32414 | Orc:4    | Found Qapt's Antique Armour Shoppe.
 32414 | Orc:4    | Found Grerick's Gadget Shop.
 32437 | Orc:4    | Bought a fan of gales for 560 gold pieces
 32437 | Orc:4    | Bought a phial of floods for 560 gold pieces
 32441 | Orc:4    | Bought a potion of mutation for 30 gold pieces
 32442 | Orc:4    | Lost mutation: You are dopey. (Int -2) [potion of mutation]
 32613 | D:11     | Lost mutation: You are very weak. (Str -4) [potion of mutation]
 32737 | D:13     | XOM: enchant monster (good)
 32768 | D:13     | XOM: summons friendly quasit
 32823 | D:13     | XOM: confuse monster(s)
 32828 | D:13     | XOM: divination: magic mapping
 32889 | D:13     | XOM: confuse monster(s)
 33005 | D:13     | XOM: harmless Fire miscast
 33097 | D:13     | Reached XP level 14. HP: 60/60 MP: 22/29
 33271 | D:13     | XOM: silly message
 33640 | D:14     | XOM: potion effect (berserk rage)
 33712 | D:14     | Learned a level 2 spell: Stoneskin
 33720 | D:14     | Found a shadowy altar of Dithmenos.
 33749 | D:14     | XOM: harmless Ice miscast
 33867 | D:14     | XOM: potion effect (haste)
 33894 | D:14     | XOM: potion effect (berserk rage)
 34003 | D:14     | XOM: harmless Fire miscast
 34049 | D:14     | XOM: potion effect (curing)
 34186 | D:14     | Noticed Snorg
 34219 | D:14     | Killed Snorg
 34221 | D:14     | XOM: harmless Tloc miscast
 34235 | D:14     | XOM: potion effect (curing)
 34283 | D:14     | XOM: potion effect (curing)
 34321 | D:14     | XOM: potion effect (invisibility)
 34390 | D:14     | XOM: divination: detect creatures
 34502 | D:14     | Found a gate to the Vaults.
 34590 | D:15     | Entered Level 15 of the Dungeon
 34662 | D:15     | Found a staircase to the Depths.
 34662 | D:15     | Noticed a fire giant
 34695 | D:15     | XOM: silly message
 34842 | D:15     | XOM: divination: detect items
 34922 | D:15     | Noticed a fire giant
 34929 | D:15     | Killed a fire giant
 34994 | D:15     | Found a glowing silver altar of Zin.
 34995 | D:15     | Noticed an angel
 35049 | D:15     | XOM: harmless Pois miscast
 35155 | D:15     | Found a deep blue altar of Sif Muna.
 35263 | D:15     | XOM: harmless Tloc miscast
 35278 | D:15     | Killed a fire giant
 35304 | D:15     | XOM: harmless Chrm miscast
 35466 | Lair:2   | Learned a level 6 spell: Haste
 35468 | Lair:2   | Upgraded the game from 0.15-a0-411-g153a95e to 0.15-a0-413-gc6111ba
 35623 | Elf:1    | Entered Level 1 of the Elven Halls
 35626 | Elf:1    | XOM: potion effect (curing)
 35665 | Elf:1    | XOM: harmless Erth miscast
 35708 | Elf:1    | Reached skill level 15 in Unarmed Combat
 35804 | Elf:1    | XOM: mild Ice miscast
 35986 | Elf:1    | Found Doanised's Armour Shop.
 36055 | Elf:1    | XOM: cast spell 'Stoneskin'
 36062 | Elf:1    | Found a flickering gateway to a bazaar.
 36088 | Bazaar   | Entered a bazaar
 36105 | Bazaar   | Found Kunigg's Gadget Emporium.
 36126 | Bazaar   | Found Eqaim's Armour Shoppe.
 36126 | Bazaar   | Found Qemiw's Weapon Emporium.
 36148 | Bazaar   | Found Prail's Gadget Shoppe.
 36148 | Bazaar   | Found Mnagaug's Antique Armour Emporium.
 36185 | Bazaar   | Bought a phial of floods for 400 gold pieces
 36215 | Bazaar   | Bought a wand of hasting (2) for 540 gold pieces
 36215 | Bazaar   | Bought a sack of spiders for 300 gold pieces
 36283 | Elf:1    | XOM: cast spell 'Statue Form'
 36342 | Elf:1    | XOM: mild Ice miscast
 36434 | Elf:1    | Got a crude bronze ring
 36436 | Elf:1    | Identified the ring "Vylyprag" {+Blink rElec MP+9 Int+4} (You found it on level 1 of the Elven Halls)
 36543 | Elf:1    | XOM: polymorph deep elf summoner -> death drake
 36597 | Elf:1    | XOM: god gift: weird smoking staff {god gift}
 36735 | Elf:1    | Identified Cigotuvi's Volume of Evil
 36784 | Elf:1    | Reached XP level 15. HP: 61/61 MP: 30/30
 36987 | Elf:2    | XOM: 3-stop teleportation journey
 37079 | Elf:2    | Learned a level 1 spell: Summon Butterflies
 37177 | Elf:2    | XOM: polymorph deep elf fighter -> hog
 37178 | Elf:2    | XOM: swap monsters
 37250 | Elf:2    | Noticed Nikola
 37259 | Elf:2    | Killed Nikola
 37329 | Elf:2    | Got a pair of slimy gloves
 37330 | Elf:2    | Identified the +0 pair of gloves of Impressiveness {rPois MR+} (You took it off Nikola on level 2 of the Elven Halls)
 37417 | Elf:2    | XOM: confuse monster(s)
 37423 | Elf:2    | XOM: chaos upgrade
 37512 | Elf:2    | XOM: confuse monster(s)
 37559 | Elf:2    | Noticed Saint Roka
 37685 | Elf:2    | Killed Saint Roka
 37685 | Elf:2    | Reached skill level 5 in Summonings
 37688 | Elf:2    | XOM: enchant monster (good)
 37692 | Elf:2    | XOM: enchant monster (good)
 37974 | Elf:2    | XOM: blink monster(s)
 38114 | Elf:2    | XOM: enchant monster (good)
 38117 | Elf:2    | XOM: summons 6 friendly demons
 38230 | Elf:2    | XOM: silly message
 38326 | Orc:3    | XOM: medium Conj miscast
 38347 | D:12     | XOM: mild Erth miscast
 38486 | Lair:3   | XOM: mild Summ miscast
 38626 | Swamp:1  | Entered Level 1 of the Swamp
 38652 | Swamp:1  | XOM: harmless Necr miscast
 39183 | Lair:4   | XOM: colour smoke trail
 39192 | Lair:4   | XOM: silly message
 39252 | Lair:2   | Learned a level 3 spell: Flight
 39289 | Lair:3   | XOM: mild Pois miscast
 39403 | Swamp:1  | XOM: colour smoke trail
 39455 | Swamp:1  | Reached skill level 1 in Air Magic
 39707 | Swamp:2  | Noticed Jorgrun
 39717 | Swamp:2  | Killed Jorgrun
 39830 | Swamp:2  | Noticed Frances
 39838 | Swamp:2  | Killed Frances
 39911 | Swamp:2  | XOM is BORED!
 39911 | Swamp:2  | XOM: mild Hex miscast
 39940 | Swamp:1  | XOM: enchant monster (bad)
 40216 | Swamp:2  | Noticed Norris
 40229 | Swamp:2  | Killed Norris
 40243 | Swamp:2  | XOM: torment (48/94 hp)
 40346 | Swamp:3  | XOM: noise
 40346 | Swamp:3  | Noticed Agnes
 40399 | Swamp:3  | XOM: enchant monster (bad)
 40405 | Swamp:3  | XOM: harmless Erth miscast
 40409 | Swamp:3  | Killed Agnes
 40490 | Swamp:3  | Got a slimy ruby amulet
 40491 | Swamp:3  | Identified the amulet "Kytucah" {Clar Int-1 Stlth++} (You acquired it on level 3 of the Swamp)
 40600 | Swamp:3  | Noticed Louise
 40609 | Swamp:3  | Killed Louise
 40734 | Swamp:3  | Your ally Agnes died
 40786 | Swamp:3  | Noticed Roxanne
 40882 | Swamp:3  | XOM: mild Fire miscast
 41225 | Swamp:4  | Learned a level 1 spell: Apportation
 41543 | Swamp:4  | XOM: enchant monster (good)
 41619 | Swamp:4  | XOM: medium Hex miscast
 41730 | Swamp:4  | Reached XP level 16. HP: 60/67 MP: 33/33
 41750 | Swamp:4  | XOM: harmless Pois miscast
 42028 | Swamp:5  | Entered Level 5 of the Swamp
 42030 | Swamp:5  | Noticed a tentacled monstrosity
 42036 | Swamp:5  | XOM: confuse monster(s)
 42038 | Swamp:5  | XOM: divination: magic mapping
 42052 | Swamp:5  | XOM: enchant monster (good)
 42063 | Swamp:5  | Killed a tentacled monstrosity
 42343 | Swamp:5  | Noticed Wiglaf
 42362 | Swamp:5  | XOM: summons friendly crimson imp
 42364 | Swamp:5  | XOM: enchant monster (good)
 42424 | Swamp:5  | XOM: summons friendly quasit
 42440 | Swamp:5  | XOM: confuse monster(s)
 42440 | Swamp:5  | Killed Wiglaf
 42569 | Swamp:5  | XOM: confuse monster(s)
 42633 | Swamp:5  | XOM: destruction
 42851 | Swamp:5  | Reached skill level 10 in Charms
 42876 | Swamp:5  | XOM: noise
 42890 | Swamp:5  | XOM: give mutations
 42890 | Swamp:5  | Lost mutation: You are frail (-10% HP). [Xom's mischief]
 42890 | Swamp:5  | Gained mutation: You occasionally shout uncontrollably. [Xom's mischief]
 42907 | Swamp:5  | XOM: confuse monster(s)
 43008 | Swamp:5  | XOM: noise
 43017 | Swamp:5  | XOM: enchant monster (good)
 43108 | Swamp:5  | Noticed the 27-headed Lernaean hydra
 43114 | Swamp:5  | XOM: summons 10 friendly demons
 43123 | Swamp:5  | XOM: potion effect (agility)
 43149 | Swamp:5  | XOM: confuse monster(s)
 43250 | Swamp:3  | XOM: summons friendly ufetubus
 43262 | Swamp:3  | Killed Roxanne
 43264 | Swamp:3  | Identified Roxanne's Handbook of the Mutagenic Mountains (You took it off Roxanne on level 3 of the Swamp)
 43486 | Swamp:5  | XOM: colour smoke trail
 43493 | Swamp:5  | XOM: enchant monster (bad)
 43511 | Swamp:5  | XOM: enchant monster (good)
 43515 | Swamp:5  | XOM: 3-stop teleportation journey
 43559 | Swamp:5  | XOM: vitrification
 43638 | Swamp:5  | XOM: enchant monster (good)
 43652 | Swamp:5  | XOM: destruction
 43725 | Swamp:5  | Got a decaying rune of Zot
 43846 | Swamp:4  | XOM: colour smoke trail
 44112 | Lair:3   | XOM: vitrification
 44138 | Spider:1 | Entered Level 1 of the Spider Nest
 44333 | Spider:1 | XOM: 2-stop teleportation journey
 44476 | Spider:1 | XOM: potion effect (curing)
 44572 | Spider:1 | XOM: give mutation
 44572 | Spider:1 | Gained mutation: You are agile. (Dex +2) [Xom's mischief]
 44700 | Spider:1 | XOM: torment (39/75 hp)
 44921 | Spider:1 | XOM: silly message
 44949 | Spider:1 | XOM: harmless Divn miscast
 44995 | Spider:2 | Noticed Asterion
 45050 | Spider:1 | XOM: summons 8 hostile demons
 45296 | Spider:2 | XOM: confuse monster(s)
 45367 | Spider:2 | XOM: summons friendly white imp
 45370 | Spider:2 | XOM: cast spell 'Summon Horrible Things'
 45386 | Spider:2 | XOM: summons friendly white imp
 45388 | Spider:2 | Killed Asterion
 45526 | Spider:2 | XOM: enchant monster (bad)
 45579 | Spider:2 | XOM: enchant monster (bad)
 45933 | Spider:3 | XOM: noise
 46161 | Spider:3 | XOM: enchant monster (bad)
 46191 | Spider:3 | XOM: give mutations
 46191 | Spider:3 | Gained mutation: Your spells are a little harder to cast, but a little more powerful. [Xom's grace]
 46191 | Spider:3 | Lost mutation: You are weak. (Str -2) [Xom's grace]
 46191 | Spider:3 | Gained mutation: You can spit moderately strong poison. [Xom's grace]
 46230 | Spider:3 | Noticed Arachne
 46349 | Spider:3 | Killed Arachne
 46524 | Spider:3 | XOM: divination: detect creatures
 46554 | Spider:3 | Reached XP level 17. HP: 78/78 MP: 26/35
 46937 | Spider:4 | Reached skill level 15 in Charms
 46951 | Spider:4 | XOM: god gift: scroll of teleportation
 47012 | Spider:4 | XOM: potion effect (might)
 47013 | Spider:4 | XOM: harmless Tloc miscast
 47017 | Spider:4 | XOM: silly message
 47040 | Spider:4 | XOM: harmless Necr miscast
 47100 | Spider:4 | XOM: divination: detect creatures
 47121 | Spider:4 | XOM: silly message
 47236 | Spider:4 | XOM: harmless Chrm miscast
 47463 | Spider:4 | XOM: confuse monster(s)
 47481 | Spider:4 | XOM: noise
 47732 | Spider:4 | XOM: harmless Conj miscast
 47827 | Spider:5 | Entered Level 5 of the Spider Nest
 48572 | Spider:5 | XOM: summons 10 friendly demons
 48624 | Spider:5 | XOM: swap monsters
 48711 | Spider:5 | XOM: enchant monster (good)
 49082 | Spider:5 | XOM: swap monsters
 49125 | Spider:5 | XOM: enchant monster (bad)
 49237 | Spider:5 | XOM: noise
 49258 | Spider:5 | XOM: mild Tloc miscast
 49264 | Spider:5 | XOM: enchant monster (good)
 49266 | Spider:5 | Reached skill level 10 in Stealth
 49447 | Spider:5 | Got a gossamer rune of Zot
 49542 | Spider:5 | Upgraded the game from 0.15-a0-413-gc6111ba to 0.15-a0-429-gf5d7e11
 49636 | Spider:3 | XOM: colour smoke trail
 49741 | Lair:2   | Learned a level 6 spell: Deflect Missiles
 49844 | Vaults:1 | XOM: noise
 49844 | Vaults:1 | Entered Level 1 of the Vaults
 49854 | Vaults:1 | XOM: divination: detect creatures
 49856 | Vaults:1 | XOM: divination: magic mapping
 49858 | Vaults:1 | Reached skill level 10 in Evocations
 49898 | Vaults:1 | XOM: harmless Tloc miscast
 50116 | Vaults:1 | XOM: potion effect (heal wounds)
 50157 | Vaults:1 | XOM: enchant monster (good)
 50166 | Vaults:1 | XOM: cast spell 'Dispersal'
 50173 | Vaults:1 | XOM: silly message
 50212 | Vaults:1 | Reached skill level 1 in Earth Magic
 50245 | Vaults:1 | Reached skill level 5 in Air Magic
 50342 | Vaults:1 | XOM: colour smoke trail
 50477 | Vaults:1 | XOM: medium Chrm miscast
 50498 | Vaults:1 | XOM: summons friendly shadow imp
 50686 | Vaults:1 | XOM: harmless Summ miscast
 50701 | Vaults:1 | Reached XP level 18. HP: 82/82 MP: 35/35
 50838 | Vaults:1 | Found Khubyit's Food Emporium.
 50845 | Vaults:1 | Found Stret's Antique Armour Shop.
 50869 | Vaults:1 | Found Teut's Gadget Boutique.
 50884 | Vaults:1 | Bought a lamp of fire for 480 gold pieces
 51667 | Vaults:2 | XOM: medium Necr miscast
 51779 | Vaults:2 | XOM: 3-stop teleportation journey
 51837 | Vaults:2 | XOM: harmless Divn miscast
 52060 | Vaults:2 | XOM: harmless Summ miscast
 52195 | Vaults:2 | Found a radiant altar of Vehumet.
 52195 | Vaults:2 | Noticed a lich
 52202 | Vaults:2 | Killed a lich
 52496 | Vaults:2 | XOM: silly message
 52517 | Vaults:2 | XOM: god gift: glowing ring mail {god gift}
 52652 | Vaults:2 | Found a staircase to the Crypt.
 52877 | D:11     | Bought 3 scrolls of recharging for 285 gold pieces
 53176 | Vaults:3 | Noticed Mennas
 53227 | Vaults:3 | XOM is BORED!
 53227 | Vaults:3 | XOM: summons 4 hostile shadow creatures
 53230 | Vaults:3 | XOM: give mutations
 53230 | Vaults:3 | Gained mutation: You possess an exceptional clarity of mind. [Xom's grace]
 53230 | Vaults:3 | Gained mutation: You evolve. [Xom's grace]
 53230 | Vaults:3 | Lost mutation: You need consume almost no food. [Xom's grace]
 53230 | Vaults:3 | Gained mutation: Your natural rate of healing is unusually fast. [Xom's grace]
 53230 | Vaults:3 | Gained mutation: You are partially covered in icy blue scales (AC +1). [Xom's grace]
 53233 | Vaults:3 | nononono
 53668 | Vaults:3 | XOM: 8-stop teleportation journey
 53845 | Vaults:3 | XOM: 4-stop teleportation journey
 53853 | Vaults:3 | XOM: summons friendly shadow imp
 54088 | Vaults:3 | XOM: scenery: 1 fountains blood, 3 doors close
 54146 | Vaults:3 | Killed Mennas
 54146 | Vaults:3 | Reached skill level 10 in Air Magic
 54147 | Vaults:3 | suck it
 54607 | Vaults:3 | XOM: god gift: 37 gold pieces
 54610 | Vaults:3 | XOM: god gift: 6 royal jellies
 54611 | Vaults:3 | nice
 54611 | Vaults:3 | XOM: divination: detect creatures
 54634 | Vaults:3 | XOM: divination: detect creatures
 54722 | Vaults:3 | XOM: give mutations
 54722 | Vaults:3 | Gained mutation: You are robust (+10% HP). [Xom's grace]
 54722 | Vaults:3 | Gained mutation: Your spells are harder to cast, but more powerful. [Xom's grace]
 54722 | Vaults:3 | Gained mutation: Your spells are much harder to cast, but much more powerful. [Xom's grace]
 54723 | Vaults:3 | why?
 54723 | Vaults:3 | I can't deal with this right now
 54882 | Vaults:3 | XOM: give mutations
 54882 | Vaults:3 | Lost mutation: Your natural rate of healing is unusually fast. [Xom's grace]
 54882 | Vaults:3 | Gained mutation: You need consume almost no food. [Xom's grace]
 54882 | Vaults:3 | Gained mutation: You have a pair of horns on your head. [Xom's grace]
 54882 | Vaults:3 | Gained mutation: You can spit strong poison. [Xom's grace]
 54882 | Vaults:3 | Gained mutation: Your muscles are strong. (Str +2) [Xom's grace]
 54886 | Vaults:3 | XOM: god gift: box of beasts {god gift}
 55047 | Vaults:4 | XOM: enchant monster (good)
 55257 | Vaults:4 | XOM: noise
 55395 | Vaults:4 | Reached XP level 19. HP: 63/94 MP: 23/37
 55398 | Vaults:4 | XOM: give mutations
 55398 | Vaults:4 | Lost mutation: Your muscles are strong. (Str +2) [Xom's mischief]
 55398 | Vaults:4 | Lost mutation: You need consume almost no food. [Xom's mischief]
 55398 | Vaults:4 | Lost mutation: You are robust (+10% HP). [Xom's mischief]
 55398 | Vaults:4 | Lost mutation: You have a pair of horns on your head. [Xom's mischief]
 55558 | Vaults:4 | Reached skill level 10 in Spellcasting
 55843 | Vaults:4 | XOM: blink monster(s)
 55888 | Vaults:4 | XOM: polymorph red very ugly thing -> great orb of eyes
 55919 | Vaults:4 | XOM: 3-stop teleportation journey
 55964 | Vaults:4 | XOM: mild Trmt miscast
 56132 | Vaults:4 | XOM: blink monster(s)
 56247 | Vaults:4 | XOM: harmless Tloc miscast
 56630 | Vaults:4 | XOM: divination: detect creatures
 56641 | Vaults:4 | XOM: harmless Pois miscast
 56832 | D:14     | XOM: harmless Conj miscast
 56931 | Depths:1 | Entered Level 1 of the Depths
 56936 | Depths:1 | Gained mutation: Your flesh is cold resistant. [evolution]
 57066 | Depths:1 | Noticed Aizul
 57085 | Depths:1 | Killed Aizul
 57206 | Depths:1 | Found a sparkling altar of Nemelex Xobeh.
 57441 | Depths:1 | XOM: potion effect (brilliance)
 57575 | Depths:1 | Noticed namelastname112's ghost (mighty DrHe)
 57671 | Depths:1 | XOM: divination: detect items
 57797 | Depths:1 | Found a gateway to Hell.
 57853 | Depths:1 | XOM: divination: detect creatures
 57881 | Depths:1 | Noticed TwoHeadedOgre's ghost (powerful OgFi)
 57923 | Depths:1 | Killed TwoHeadedOgre's ghost
 58330 | D:11     | XOM: divination: detect creatures
 58348 | Lair:2   | Learned a level 5 spell: Silence
 58358 | Lair:2   | XOM: harmless Divn miscast
 58606 | Elf:3    | Entered Level 3 of the Elven Halls
 58687 | Elf:3    | Reached skill level 1 in Hexes
 58984 | Elf:3    | XOM: mild Trmt miscast
 59108 | Elf:2    | Reached skill level 5 in Hexes
 59124 | Elf:2    | XOM: enchant monster (good)
 59433 | Elf:3    | XOM: confuse monster(s)
 59707 | Elf:3    | XOM: silly message
 59814 | Elf:3    | Got a transparent ivory ring
 59906 | Elf:3    | XOM: harmless Pois miscast
 60007 | Elf:3    | XOM: harmless Trmt miscast
 60086 | Elf:3    | Killed from afar by a deep elf death mage
 60087 | Elf:3    | Reached XP level 18. HP: 0/84 MP: 35/47
 60229 | Elf:3    | XOM: severe Divn miscast
 60231 | Elf:3    | XOM: summons friendly chaos spawn
 60247 | Elf:3    | Your ally Ankalagon died
 60309 | Elf:3    | XOM: chaos upgrade
 60310 | Elf:3    | XOM: mild Hex miscast
 60315 | Elf:3    | XOM: mild Necr miscast
 60389 | Elf:3    | Noticed a Hell Sentinel
 60404 | Elf:3    | XOM: divination: magic mapping
 60658 | Elf:3    | XOM: harmless Ice miscast
 60874 | Elf:3    | XOM: mild Hex miscast
 60896 | Elf:3    | XOM: noise
 60904 | Elf:3    | XOM: summons friendly shadow imp
 60907 | Elf:3    | XOM: noise
 60946 | Elf:3    | XOM: summons friendly crimson imp
 60970 | Elf:3    | XOM: potion effect (brilliance)
 61037 | Elf:3    | Identified the ring of Vibloig {+cTele Dex+3} (You took it off a deep elf high priest on level 3 of the Elven Halls)
 61462 | Depths:2 | Reached XP level 19. HP: 89/89 MP: 28/38
 61506 | Depths:2 | XOM: blink monster(s)
 61516 | Depths:2 | XOM: polymorph deep troll -> boulder beetle
 61697 | Vaults:1 | Bought a meat ration for 65 gold pieces
 61697 | Vaults:1 | Bought a meat ration for 65 gold pieces
 61905 | Depths:2 | XOM: give mutation
 61905 | Depths:2 | Lost mutation: You are agile. (Dex +2) [Xom's mischief]
 61996 | Depths:2 | XOM: noise
 62181 | Depths:2 | Noticed a lich
 62183 | Depths:2 | XOM: noise
 62184 | Depths:2 | XOM: enchant monster (good)
 62189 | Depths:2 | Killed a lich
 62267 | Depths:2 | XOM: medium Chrm miscast
 62339 | Depths:2 | XOM: swap monsters
 62340 | Depths:2 | XOM: confuse monster(s)
 62405 | Depths:2 | Gained mutation: You are clumsy. (Dex -2) [miscasting Dragon Form]
 62465 | Depths:2 | XOM: blink monster(s)
 62753 | Depths:2 | XOM: summons 3 friendly demons
 63103 | Depths:2 | XOM: confuse monster(s)
 63299 | Depths:2 | XOM: enchant monster (good)
 63383 | Depths:2 | XOM: god gift: scroll of fear
 63501 | Depths:2 | XOM: medium Chrm miscast
 63529 | Depths:2 | XOM: 1-stop teleportation journey
 63599 | Depths:2 | XOM: enchant monster (good)
 63627 | Depths:2 | Reached skill level 10 in Necromancy
 63928 | D:12     | XOM: harmless Ice miscast
 63978 | Orc:3    | XOM: mild Fire miscast
 64058 | Elf:2    | Learned a level 5 spell: Dispel Undead
 64095 | Elf:1    | XOM: harmless Conj miscast
 64100 | Elf:1    | XOM: mild Fire miscast
 64251 | Depths:1 | XOM: medium Hex miscast
 64587 | Vaults:1 | XOM: medium Divn miscast
 64674 | Vaults:1 | Bought a meat ration for 65 gold pieces
 64674 | Vaults:1 | Bought a meat ration for 65 gold pieces
 64746 | Crypt:1  | Entered Level 1 of the Crypt
 64747 | Crypt:1  | Noticed Sojobo
 64795 | Vaults:2 | Gained mutation: You are frail (-10% HP). [mutagenic glow]
 64870 | Vaults:3 | Lost mutation: You evolve. [potion of mutation]
 64930 | Vaults:3 | Lost mutation: You possess an exceptional clarity of mind. [potion of mutation]
 64930 | Vaults:3 | Lost mutation: You are clumsy. (Dex -2) [potion of mutation]
 65204 | D:8      | Lost mutation: You are frail (-10% HP). [potion of mutation]
 65459 | Crypt:1  | Noticed Mara
 65463 | Crypt:1  | Noticed Ankalagon's illusion
 65671 | Crypt:2  | XOM: medium Divn miscast
 65690 | Crypt:2  | XOM: confusion (+ monsters)
 65712 | Crypt:2  | XOM: 2-stop teleportation journey
 65879 | Crypt:2  | Noticed Jory
 65892 | Crypt:2  | XOM: confusion
 65905 | Crypt:2  | Killed Jory
 66177 | Crypt:1  | XOM: enchant monster (bad)
 66292 | Crypt:1  | XOM: severe Pois miscast
 66392 | Vaults:2 | XOM: torment (39/89 hp)
 66399 | Vaults:2 | XOM: colour smoke trail
 66769 | Crypt:1  | XOM: 1-stop teleportation journey
 66777 | Crypt:1  | XOM: harmless Tloc miscast
 66806 | Crypt:1  | XOM: swap monsters
 66816 | Crypt:1  | XOM: destruction
 67016 | Crypt:1  | XOM: medium Hex miscast
 67317 | Crypt:1  | XOM: chaos upgrade
 67573 | Crypt:2  | XOM: confuse monster(s)
 67588 | Crypt:2  | XOM: harmless Divn miscast
 67639 | Crypt:2  | XOM: noise
 67692 | Crypt:2  | XOM: cast spell 'Spider Form'
 67747 | Crypt:1  | XOM: enchant monster (bad)
 67875 | Crypt:2  | XOM: noise
 67985 | Crypt:2  | XOM: destruction
 67991 | Crypt:2  | XOM: swap monsters
 68152 | Crypt:2  | Reached XP level 20. HP: 91/91 MP: 5/40
 68189 | Crypt:2  | XOM: 1-stop teleportation journey
 68349 | Crypt:2  | XOM: confuse monster(s)
 68377 | Crypt:2  | XOM: confuse monster(s)
 68390 | Crypt:2  | XOM: give mutation
 68390 | Crypt:2  | Gained mutation: Your muscles are strong. (Str +2) [Xom's grace]
 68502 | Crypt:2  | XOM: god gift: 19 darts of flame
 68715 | Crypt:3  | XOM: noise
 68715 | Crypt:3  | Entered Level 3 of the Crypt
 68717 | Crypt:3  | XOM: divine lightning (protected)
 69070 | Crypt:3  | XOM: vitrification
 69095 | Crypt:3  | XOM: divine lightning
 69106 | Crypt:3  | XOM: fake destruction
 69114 | Crypt:3  | Found an ancient bone altar of Kikubaaqudgha.
 69130 | Crypt:3  | XOM: divine lightning
 69366 | Crypt:3  | XOM: give mutations
 69366 | Crypt:3  | Gained mutation: Your flesh is heat resistant. [Xom's grace]
 69366 | Crypt:3  | Gained mutation: You are resistant to hostile enchantments. [Xom's grace]
 69366 | Crypt:3  | Gained mutation: You are resistant to electric shocks. [Xom's grace]
 69435 | Crypt:3  | XOM: enchant monster (good)
 69553 | Crypt:3  | XOM: divination: magic mapping
 69651 | Crypt:3  | XOM: harmless Trmt miscast
 69856 | Crypt:3  | XOM: mild Necr miscast
 69866 | Crypt:3  | XOM: silly message
 69913 | Crypt:3  | XOM: cast spell 'Ring of Flames'
 70035 | Crypt:3  | XOM: severe Pois miscast
 70199 | Crypt:3  | XOM: mild Ice miscast
 70427 | Crypt:2  | XOM: harmless Necr miscast
 70610 | Crypt:3  | Found a staircase to the Tomb.
 70837 | Crypt:3  | XOM: noise
 70888 | Crypt:3  | XOM: mild Pois miscast
 70931 | Crypt:3  | XOM: colour smoke trail
 71043 | Crypt:3  | XOM: god gift: 1660 gold pieces
 71052 | Crypt:3  | XOM: destruction
 71095 | Crypt:3  | XOM: give mutation
 71095 | Crypt:3  | Lost mutation: You can spit strong poison. [Xom's mischief]
 71240 | Crypt:3  | XOM: noise
 71248 | Crypt:3  | XOM: cast spell 'Dragon Form'
 71262 | Crypt:3  | XOM: summons 2 hostile demons
 71344 | Crypt:3  | XOM: confusion
 71372 | Crypt:3  | XOM: mild Fire miscast
 71380 | Crypt:3  | XOM: mild Chrm miscast
 71493 | Crypt:3  | XOM: harmless Pois miscast
 71522 | Crypt:3  | XOM: enchant monster (bad)
 71665 | Crypt:3  | XOM: harmless Fire miscast
 71674 | Crypt:3  | XOM: silly message
 71707 | Crypt:3  | XOM: silly message
 71839 | Crypt:3  | XOM: summons 6 hostile demons
 71937 | Crypt:3  | Reached skill level 15 in Spellcasting
 71971 | Crypt:3  | XOM: colour smoke trail
 72004 | Crypt:3  | XOM: enchant monster (bad)
 72039 | Crypt:3  | Identified the Reference Book on Sinister Rites
 72126 | Crypt:3  | XOM: confuse monster(s)
 72328 | Crypt:3  | XOM: swap monsters
 72352 | Crypt:2  | XOM: divination: detect creatures
 72612 | Crypt:3  | XOM: divination: detect creatures
 72712 | Crypt:3  | XOM: give mutation
 72712 | Crypt:3  | Gained mutation: You possess an exceptional clarity of mind. [Xom's grace]
 72755 | Crypt:3  | XOM: god gift: 53 gold pieces
 73085 | Lair:2   | Learned a level 6 spell: Statue Form
 73542 | Depths:1 | XOM: noise
 73543 | Depths:1 | Killed namelastname112's ghost
 73543 | Depths:1 | Reached skill level 5 in Earth Magic
 73544 | Depths:1 | FU
 73582 | Depths:1 | XOM: harmless Necr miscast
 73708 | Depths:3 | Found Cates' Antique Armour Shoppe.
 73716 | Depths:3 | XOM: harmless Conj miscast
 73772 | Depths:3 | Reached XP level 21. HP: 70/97 MP: 19/42
 73772 | Depths:3 | XOM: summons 7 friendly demons
 73803 | Depths:3 | XOM: divination: magic mapping
 73986 | Depths:3 | Found a one-way gate leading to the halls of Pandemonium.
 74519 | Depths:3 | XOM: 1-stop teleportation journey
 74541 | Depths:3 | Found Shruaweor's Book Emporium.
 74555 | Depths:3 | Found a gateway to a ziggurat.
 74856 | Depths:3 | XOM: mild Chrm miscast
 74880 | Depths:3 | XOM: fake destruction
 74984 | Depths:3 | XOM: silly message
 75021 | Depths:3 | XOM: divination: detect creatures
 75022 | Depths:3 | XOM: divination: detect creatures
 75197 | Depths:3 | XOM: mild Hex miscast
 75199 | Depths:3 | XOM: potion effect (magic)
 75396 | Depths:4 | XOM: enchant monster (bad)
 75417 | Depths:4 | XOM: confuse monster(s)
 75539 | Depths:4 | XOM: harmless Tloc miscast
 75619 | Depths:4 | XOM: enchant monster (bad)
 75636 | Depths:4 | XOM: harmless Necr miscast
 75671 | Depths:4 | XOM: god gift: 2 needles of slowing
 75780 | Depths:4 | XOM: mild Tloc miscast
 75872 | Depths:4 | XOM: mild Hex miscast
 75998 | Depths:4 | XOM: mild Hex miscast
 76142 | Depths:4 | XOM: harmless Ice miscast
 76274 | Depths:4 | Found a one-way gate to the infinite horrors of the Abyss.
 76401 | Depths:4 | Noticed Boris
 76402 | Depths:4 | XOM: divination: detect creatures
 76556 | Depths:4 | Killed Boris
 76615 | Depths:4 | XOM: summons 6 friendly demons
 76631 | Depths:4 | XOM: noise
 76785 | Depths:4 | XOM: noise
 76863 | Depths:4 | XOM: severe Pois miscast
 76905 | Depths:4 | XOM: vitrification
 76943 | Depths:4 | XOM: summons 9 friendly demons
 76953 | Depths:4 | XOM: god gift: 4 javelins of returning
 76965 | Depths:4 | XOM: enchant monster (good)
 76988 | Depths:4 | XOM: summons 8 friendly demons
 77100 | Depths:4 | XOM: confuse monster(s)
 77273 | Depths:5 | Entered Level 5 of the Depths
 77275 | Depths:5 | XOM: summons 7 friendly demons
 77336 | Depths:5 | Found a gate to the Realm of Zot.
 77349 | Depths:5 | XOM: mild Necr miscast
 77373 | Depths:5 | Found a flickering gateway to a bazaar.
 77385 | Bazaar   | Entered a bazaar
 77397 | Bazaar   | Found Araylama's Food Boutique.
 77405 | Bazaar   | Bought a meat ration for 50 gold pieces
 77411 | Bazaar   | Found Mnilaera's Magic Scroll Shop.
 77416 | Bazaar   | Bought a scroll of blinking for 112 gold pieces
 77416 | Bazaar   | Bought a scroll of blinking for 112 gold pieces
 77422 | Bazaar   | Found Pretitue's Antique Weapon Emporium.
 77459 | Bazaar   | Found Kigiohi's Book Shoppe.
 77467 | Bazaar   | Bought a book of Dreams for 525 gold pieces
 77500 | Bazaar   | Bought a scroll of teleportation for 45 gold pieces
 77500 | Bazaar   | Bought a scroll of amnesia for 52 gold pieces
 77500 | Bazaar   | Bought 2 scrolls of identify for 60 gold pieces
 77500 | Bazaar   | Bought a scroll of identify for 30 gold pieces
 77500 | Bazaar   | Bought a scroll of fog for 30 gold pieces
 77500 | Bazaar   | Bought a scroll of identify for 30 gold pieces
 77531 | Depths:5 | Upgraded the game from 0.15-a0-429-gf5d7e11 to 0.15-a0-462-gf669498
 77694 | Depths:5 | XOM: give mutations
 77694 | Depths:5 | Lost mutation: Your muscles are strong. (Str +2) [Xom's mischief]
 77694 | Depths:5 | Lost mutation: Your spells are much harder to cast, but much more powerful. [Xom's mischief]
 77694 | Depths:5 | Lost mutation: You have a pair of small horns on your head. [Xom's mischief]
 77699 | Depths:5 | thank you
 77765 | Depths:5 | XOM: mild Trmt miscast
 77768 | Depths:5 | XOM: noise
 77775 | Depths:5 | XOM: mild Tloc miscast
 77846 | Depths:5 | XOM: silly message
 77946 | Depths:5 | XOM: cast spell 'Summon Butterflies'
 78085 | Depths:5 | XOM: silly message
 78102 | Depths:5 | XOM: potion effect (might)
 78107 | Depths:5 | XOM: potion effect (invisibility)
 78171 | Depths:5 | Gained mutation: You sometimes yell uncontrollably. [mutagenic glow]
 78187 | Depths:5 | XOM: cast spell 'Cause Fear'
 78265 | Depths:5 | XOM: summons 12 friendly demons
 78314 | Depths:5 | XOM: give mutations
 78314 | Depths:5 | Gained mutation: Your spells are much harder to cast, but much more powerful. [Xom's grace]
 78314 | Depths:5 | Gained mutation: Your mind is acute. (Int +2) [Xom's grace]
 78314 | Depths:5 | Gained mutation: Your muscles are strong. (Str +2) [Xom's grace]
 78314 | Depths:5 | Gained mutation: Your muscles are very strong. (Str +4) [Xom's grace]
 78316 | Depths:5 | GODDAMNIT
 78316 | Depths:5 | XOOOOOOOOOOOOOOOM
 78316 | Depths:5 | XOM: god gift: mace {god gift}
 78360 | Depths:4 | XOM: god gift: bread ration
 78370 | Depths:5 | XOM: summons 11 friendly demons
 78402 | Depths:5 | XOM: give mutations
 78402 | Depths:5 | Gained mutation: You can spit strong poison. [Xom's grace]
 78402 | Depths:5 | Gained mutation: You are somewhat resistant to further mutation. [Xom's grace]
 78402 | Depths:5 | Lost mutation: You are somewhat resistant to further mutation. [Xom's grace]
 78402 | Depths:5 | Gained mutation: You evolve. [Xom's grace]
 78402 | Depths:5 | Gained mutation: You have a pair of small antennae on your head. [Xom's grace]
 78500 | Depths:5 | XOM: give mutation
 78500 | Depths:5 | Gained mutation: You have a pair of antennae on your head. [Xom's grace]
 78613 | Depths:5 | XOM: summons 2 friendly demons
 78615 | Depths:5 | Reached XP level 22. HP: 101/101 MP: 16/42
 78615 | Depths:5 | XOM: god gift: sack of spiders {god gift}
 78824 | Depths:5 | XOM: cast spell 'Summon Butterflies'
 78968 | Depths:5 | XOM: vitrification
 79106 | Depths:5 | XOM: swap monsters
 79649 | Vaults:5 | Entered Level 5 of the Vaults
 79650 | Vaults:5 | XOM: enchant monster (good)
 79691 | Vaults:5 | XOM: enchant monster (good)
 79698 | Vaults:5 | Reached skill level 10 in Earth Magic
 79730 | Vaults:5 | damn
 79760 | Vaults:5 | XOM: confuse monster(s)
 79779 | Vaults:5 | XOM: give mutations
 79779 | Vaults:5 | Lost mutation: You are partially covered in icy blue scales (AC +1). [Xom's mischief]
 79780 | Vaults:5 | XOM: enchant monster (good)
 79783 | Vaults:5 | XOM: god gift: potion of might
 79787 | Vaults:5 | XOM: enchant monster (bad)
 79791 | Vaults:4 | Lost mutation: You can spit strong poison. [mutagenic glow]
 80062 | D:14     | XOM: harmless Trmt miscast
 80152 | D:10     | Bought a fan of gales for 480 gold pieces
 80152 | D:10     | Bought a wand of enslavement (13) for 180 gold pieces
 80152 | D:10     | Bought a wand of teleportation (3) for 252 gold pieces
 80152 | D:10     | Bought a stone of tremors for 480 gold pieces
 80335 | Orc:4    | Bought a phial of floods for 560 gold pieces
 80335 | Orc:4    | Bought a wand of lightning (8) for 168 gold pieces
 80335 | Orc:4    | Bought a lantern of shadows for 280 gold pieces
 80358 | Orc:4    | Bought 2 potions of heal wounds for 72 gold pieces
 80358 | Orc:4    | Bought a potion of curing for 24 gold pieces
 80358 | Orc:4    | Bought a potion of curing for 24 gold pieces
 80358 | Orc:4    | Bought a potion of resistance for 84 gold pieces
 80358 | Orc:4    | Bought a potion of brilliance for 30 gold pieces
 80358 | Orc:4    | Bought a potion of heal wounds for 36 gold pieces
 81295 | Vaults:5 | Identified the Handbook of Black Magic (You found it on level 5 of the Vaults)
 81345 | Vaults:5 | <3
 81419 | Vaults:5 | XOM: noise
 81638 | Vaults:5 | XOM: silly message
 81656 | Vaults:5 | XOM: medium Tloc miscast
 81669 | Vaults:5 | XOM: confuse monster(s)
 81741 | Vaults:5 | XOM: polymorph golden dragon -> iron dragon
 81859 | Vaults:5 | Got a silver rune of Zot
 82438 | Vaults:5 | XOM: harmless Summ miscast
 82490 | Vaults:5 | XOM: noise
 82578 | Vaults:5 | Xom provides.
 82578 | Vaults:5 | Hallowed be his name.
 82684 | Vaults:1 | XOM: mild Chrm miscast
 82910 | Zot:1    | Entered Level 1 of the Realm of Zot
 82933 | Zot:1    | XOM: harmless Hex miscast
 82934 | Zot:1    | XOM: polymorph moth of wrath -> cyclops
 82941 | Zot:1    | Reached skill level 15 in Evocations
 83003 | Zot:1    | Reached XP level 23. HP: 105/105 MP: 29/43
 83071 | Zot:1    | Noticed an orb of fire
 83102 | Zot:1    | XOM: potion effect (might)
 83105 | Zot:1    | Noticed an orb of fire
 83112 | Zot:1    | XOM: summons friendly quasit
 83114 | Zot:1    | Lost mutation: Your mind is acute. (Int +2) [an orb of fire]
 83118 | Zot:1    | well shit
 83121 | Zot:1    | Killed an orb of fire
 83123 | Zot:1    | XOM: divination: detect creatures
 83295 | Zot:1    | XOM: potion effect (might)
 83466 | Zot:1    | XOM: medium Pois miscast
 83614 | Zot:1    | XOM: cast spell 'Cause Fear'
 83618 | Zot:1    | Killed an orb of fire
 83619 | Zot:1    | Yes, this works better
 83671 | Zot:1    | XOM: blink monster(s)
 83687 | Zot:1    | XOM: medium Summ miscast
 83767 | Zot:1    | XOM: colour smoke trail
 83854 | Zot:1    | XOM: blink monster(s)
 83886 | Zot:1    | goddamn
 84013 | Zot:1    | XOM: colour smoke trail
 84215 | Zot:2    | XOM: 2-stop teleportation journey
 84223 | Zot:2    | lol
 84226 | Zot:2    | XOM: god gift: scroll of teleportation
 84274 | Zot:1    | XOM: fake destruction
 84276 | Zot:1    | XOM: enchant monster (good)
 84378 | Depths:1 | XOM: mild Conj miscast
 85083 | Zot:2    | Noticed a curse toe
 85091 | Zot:2    | Killed a curse toe
 85155 | Zot:2    | XOM: confuse monster(s)
 85161 | Zot:2    | XOM: harmless Ice miscast
 85165 | Zot:2    | XOM: divination: magic mapping
 85178 | Zot:2    | XOM: harmless Tloc miscast
 85236 | Zot:2    | XOM: potion effect (might)
 85517 | Zot:2    | XOM: give mutation
 85517 | Zot:2    | Gained mutation: You can breathe fire. [Xom's grace]
 85637 | Zot:2    | Reached skill level 15 in Fighting
 85655 | Zot:2    | XOM: silly message
 85710 | Zot:2    | XOM: summons 6 friendly demons
 85759 | Zot:2    | Reached skill level 15 in Dodging
 85789 | Zot:2    | XOM: cast spell 'Discord'
 86263 | Zot:3    | XOM: harmless Fire miscast
 86479 | Zot:3    | XOM: harmless Fire miscast
 87030 | Zot:3    | XOM: noise
 87238 | Zot:3    | Reached XP level 24. HP: 112/112 MP: 30/43
 87311 | Zot:4    | XOM: divine lightning
 87424 | Zot:4    | Noticed an orb of fire
 87435 | Zot:4    | XOM: cast spell 'Conjure Ball Lightning'
 87437 | Zot:4    | wtf that's not helpful
 87440 | Zot:4    | Killed an orb of fire
 87440 | Zot:4    | Reached skill level 18 in Unarmed Combat
 87450 | Zot:4    | XOM: noise
 87746 | Zot:4    | XOM: silly message
 87901 | Zot:4    | XOM: colour smoke trail
 87950 | Zot:4    | XOM: harmless Tloc miscast
 88216 | Zot:4    | XOM: harmless Chrm miscast
 88262 | Zot:4    | XOM: medium Necr miscast
 88335 | Zot:4    | XOM: colour smoke trail
 88414 | Zot:5    | Entered Level 5 of the Realm of Zot
 88475 | Zot:1    | XOM: medium Summ miscast
 88683 | D:13     | XOM: give mutations
 88683 | D:13     | Lost mutation: You sometimes yell uncontrollably. [Xom's mischief]
 88683 | D:13     | Lost mutation: You occasionally shout uncontrollably. [Xom's mischief]
 89120 | Lair:2   | Learned a level 4 spell: Control Undead
 89321 | Vaults:2 | XOM is BORED!
 89321 | Vaults:2 | XOM: mild Trmt miscast
 89441 | Tomb:1   | Entered Level 1 of the Tomb of the Ancients
 89489 | Tomb:1   | XOM: summons 4 hostile demons
 89554 | Tomb:1   | XOM: swap monsters
 89684 | Tomb:1   | XOM: mild Trmt miscast
 89796 | Tomb:1   | Reached skill level 19 in Unarmed Combat
 89833 | Tomb:1   | Noticed glosham's ghost (mighty DgFi)
 89841 | Tomb:1   | Killed glosham's ghost
 90042 | Tomb:1   | XOM: cast spell 'Chain of Chaos'
 90064 | Tomb:1   | Noticed Margery
 90066 | Tomb:1   | XOM: summons 11 friendly demons
 90068 | Tomb:1   | XOM: polymorph quasit -> shadow imp
 90099 | Tomb:1   | Killed Margery
 90199 | Tomb:1   | XOM: vitrification
 90276 | Tomb:1   | Noticed a greater mummy
 90279 | Tomb:1   | XOM: summons friendly crimson imp
 90390 | Tomb:1   | Killed a greater mummy
 90394 | Tomb:1   | Gained mutation: You can translocate small distances at will. [evolution]
 90455 | Tomb:1   | XOM: colour smoke trail
 90518 | Tomb:1   | XOM: medium Ice miscast
 90555 | Tomb:1   | XOM: 2-stop teleportation journey
 90738 | Tomb:1   | XOM: noise
 90823 | Tomb:1   | Reached skill level 20 in Unarmed Combat
 90883 | Tomb:1   | Noticed a greater mummy
 90890 | Tomb:1   | XOM: silly message
 90891 | Tomb:1   | Killed a greater mummy
 91019 | Tomb:1   | XOM: blink monster(s)
 91171 | Tomb:1   | XOM: harmless Trmt miscast
 91235 | Tomb:2   | XOM: noise
 91242 | Tomb:2   | Noticed an ancient lich
 91351 | Tomb:2   | XOM: 3-stop teleportation journey
 91352 | Tomb:2   | Noticed a greater mummy
 91352 | Tomb:2   | bro you're fucking me over here
 91357 | Tomb:2   | Killed a greater mummy
 91361 | Tomb:2   | XOM: 2-stop teleportation journey
 91362 | Tomb:2   | Noticed a greater mummy
 91362 | Tomb:2   | Noticed an ancient lich
 91364 | Tomb:2   | XOM: harmless Fire miscast
 91367 | Tomb:2   | Killed an ancient lich
 91367 | Tomb:2   | XOM: medium Summ miscast
 91468 | Tomb:2   | Killed an ancient lich
 91493 | Tomb:2   | Killed a greater mummy
 91532 | Tomb:1   | So far so good
 92031 | Crypt:1  | Killed Sojobo
 92031 | Crypt:1  | Reached XP level 25. HP: 105/116 MP: 34/45
 92152 | Vaults:4 | XOM: give mutation
 92152 | Vaults:4 | Lost mutation: You can breathe fire. [Xom's mischief]
 92667 | Tomb:1   | XOM: give mutations
 92667 | Tomb:1   | Lost mutation: Your muscles are very strong. (Str +4) [Xom's mischief]
 92667 | Tomb:1   | Lost mutation: You evolve. [Xom's mischief]
 92780 | Tomb:2   | XOM: enchant monster (bad)
 92839 | Tomb:1   | Noticed a greater mummy
 92876 | Tomb:1   | Noticed a greater mummy
 92879 | Tomb:1   | Noticed a greater mummy
 92883 | Tomb:1   | Killed a greater mummy
 92890 | Tomb:1   | Noticed a greater mummy
 92895 | Tomb:1   | XOM: mild Conj miscast
 93014 | Tomb:1   | Noticed a greater mummy
 93026 | Tomb:2   | XOM: summons 3 hostile shadow creatures
 93214 | Tomb:2   | XOM: god gift: box of beasts {god gift}
 93260 | Tomb:1   | XOM: blink monster(s)
 93269 | Tomb:2   | Killed a greater mummy
 93328 | Tomb:1   | XOM: polymorph chimera (polar bear, hog, sky beast) -> harpy
 93333 | Tomb:1   | XOM: mild Erth miscast
 93343 | Tomb:2   | Killed a greater mummy
 93407 | Tomb:1   | Killed a greater mummy
 93409 | Tomb:1   | XOM: cast spell 'Blink'
 93415 | Tomb:1   | Killed a greater mummy
 93479 | Tomb:1   | Noticed a greater mummy
 93595 | Tomb:1   | Killed a greater mummy
 93598 | Tomb:1   | Noticed a greater mummy
 93598 | Tomb:1   | XOM: cast spell 'Cause Fear'
 93605 | Tomb:1   | Killed a greater mummy
 93605 | Tomb:1   | Reached skill level 21 in Unarmed Combat
 93668 | Tomb:1   | Noticed a greater mummy
 93677 | Tomb:1   | XOM: potion effect (invisibility)
 93685 | Tomb:1   | Killed a greater mummy
 93687 | Tomb:1   | Noticed a greater mummy
 93708 | Tomb:1   | Killed a greater mummy
 93730 | Tomb:1   | Noticed a greater mummy
 93762 | Tomb:1   | Noticed a greater mummy
 93762 | Tomb:1   | XOM: give mutations
 93762 | Tomb:1   | Gained mutation: You are agile. (Dex +2) [Xom's grace]
 93762 | Tomb:1   | Gained mutation: You are good at translocating small distances at will. [Xom's grace]
 93762 | Tomb:1   | Gained mutation: You passively map a small area around you. [Xom's grace]
 93816 | Tomb:1   | Killed a greater mummy
 93847 | Tomb:1   | XOM: 5-stop teleportation journey
 93854 | Tomb:1   | cmon m8
 93991 | Tomb:1   | Noticed a greater mummy
 93999 | Tomb:1   | Noticed a greater mummy
 94005 | Tomb:1   | Killed a greater mummy
 94009 | Tomb:1   | Killed a greater mummy
 94064 | Tomb:1   | Killed a greater mummy
 94081 | Tomb:1   | Noticed a greater mummy
 94088 | Tomb:1   | Noticed a greater mummy
 94089 | Tomb:1   | Killed a greater mummy
 94096 | Tomb:1   | Killed a greater mummy
 94335 | Tomb:1   | Reached skill level 22 in Unarmed Combat
 94339 | Tomb:1   | XOM: god gift: engraved book {god gift}
 94349 | Tomb:1   | Identified Blys' Incunabulum of Poisonous Arcane Weapons {god gift} (Xom gifted it to you on level 1 of the Tomb of the Ancients)
 94440 | Tomb:1   | XOM: enchant monster (good)
 94441 | Tomb:1   | XOM: swap monsters
 94763 | Tomb:2   | XOM: give mutations
 94763 | Tomb:2   | Gained mutation: You are highly resistant to hostile enchantments. [Xom's grace]
 94763 | Tomb:2   | Gained mutation: You are somewhat resistant to further mutation. [Xom's grace]
 94763 | Tomb:2   | Gained mutation: Your muscles are very strong. (Str +4) [Xom's grace]
 94763 | Tomb:2   | Gained mutation: You can breathe fire. [Xom's grace]
 94853 | Tomb:3   | Entered Level 3 of the Tomb of the Ancients
 94969 | Tomb:3   | XOM: summons friendly quasit
 95031 | Tomb:2   | XOM: give mutations
 95031 | Tomb:2   | Gained mutation: Your flesh is very cold resistant. [Xom's grace]
 95031 | Tomb:2   | Gained mutation: Your system is resistant to poisons. [Xom's grace]
 95031 | Tomb:2   | Gained mutation: Your flesh is almost immune to the effects of cold. [Xom's grace]
 95031 | Tomb:2   | Lost mutation: You are somewhat resistant to further mutation. [Xom's grace]
 95031 | Tomb:2   | Gained mutation: You evolve. [Xom's grace]
 95083 | Tomb:3   | XOM: summons friendly quasit
 95255 | Tomb:3   | XOM: summons friendly sixfirhy
 95486 | Tomb:3   | XOM: cast spell 'Summon Horrible Things'
 95498 | Tomb:3   | XOM: enchant monster (bad)
 95504 | Tomb:3   | XOM: summons 16 friendly demons
 95528 | Tomb:3   | Noticed Khufu
 95537 | Tomb:3   | XOM: medium Necr miscast
 95538 | Tomb:3   | HP: 6/120 [Khufu/divine providence (14)]
 95540 | Tomb:3   | XOM: stat loss: -1 Dex (22/22)
 95547 | Tomb:3   | goddamnit khufu
 95676 | Tomb:2   | XOM: mild Hex miscast
 95689 | Tomb:3   | Yeah suck me off in the silence khufu
 95689 | Tomb:3   | suck me good
 95697 | Tomb:3   | Killed Khufu
 95716 | Tomb:3   | Noticed an ancient lich
 95725 | Tomb:3   | Killed an ancient lich
 95736 | Tomb:3   | Reached XP level 26. HP: 125/125 MP: 22/45
 95756 | Tomb:3   | Sweet, sweet loot
 95864 | Tomb:3   | Learned a level 3 spell: Abjuration
 95871 | Tomb:3   | Got a warped golden ring
 95872 | Tomb:3   | Identified the ring of the Seven Demons {+/*Tele Str+3 Dex+3} (You found it on level 3 of the Tomb of the Ancients)
 95896 | Tomb:3   | XOM: harmless Trmt miscast
 95939 | Tomb:3   | Got a golden rune of Zot
 95991 | Tomb:3   | XOM: summons 2 friendly demons
 96021 | Tomb:3   | High quality entombed edam
 96021 | Tomb:3   | Aged for nine millenia
 96507 | Tomb:1   | Who's your daddy
 96797 | Lair:2   | Got a steaming platinum amulet
 96803 | Lair:2   | Identified the amulet "Grudd" {rMut Dex+3 Int-4} (You acquired it on level 2 of the Lair of Beasts)
 96864 | Lair:2   | Upgraded the game from 0.15-a0-462-gf669498 to 0.15-a0-481-g5350d32
 97160 | Vaults:4 | XOM: scenery: 3 doors close
 97224 | Vaults:5 | XOM: noise
 97490 | D:12     | XOM: colour smoke trail
 97665 | Slime:1  | Entered Level 1 of the Pits of Slime
 97693 | Slime:1  | Reached skill level 1 in Translocations
 97981 | Slime:4  | Reached skill level 5 in Translocations
 97997 | Slime:5  | Splashed with acid
 97998 | Slime:5  | Reached XP level 25. HP: -16/157 MP: 21/52
 97998 | Slime:5  | wait what
 98063 | Slime:5  | Paralysed by a giant eyeball for 3 turns
 98065 | Slime:5  | XOM: noise
 98069 | Slime:5  | Paralysed by a giant eyeball for 4 turns
 98094 | Slime:6  | Entered Level 6 of the Pits of Slime
 98121 | Slime:6  | XOM: mild Summ miscast
 98165 | Slime:6  | XOM: potion effect (haste)
 98168 | Slime:6  | XOM: mild Trmt miscast
 98185 | Slime:6  | Paralysed by a giant eyeball for 4 turns
 98206 | Slime:6  | Found a viscous altar of Jiyva.
 98290 | Slime:6  | Noticed the royal jelly
 98299 | Slime:6  | XOM: cast spell 'Confusing Touch'
 98301 | Slime:6  | XOM: blink monster(s)
 98302 | Slime:6  | XOM: mild Conj miscast
 98303 | Slime:6  | XOM: blink monster(s)
 98321 | Slime:6  | XOM: mild Divn miscast
 98334 | Slime:6  | XOM: harmless Tloc miscast
 98341 | Slime:6  | XOM: enchant monster (bad)
 98348 | Slime:6  | XOM: medium Summ miscast
 98357 | Slime:6  | XOM: harmless Chrm miscast
 98378 | Slime:6  | XOM: enchant monster (good)
 98382 | Slime:6  | well that didnt work
 98488 | Slime:6  | XOM: confuse monster(s)
 98559 | Slime:6  | XOM: mild Ice miscast
 98560 | Slime:6  | XOM: summons friendly quasit
 98572 | Slime:6  | XOM: potion effect (haste)
 98602 | Slime:6  | Reached skill level 10 in Translocations
 98605 | Slime:6  | Killed the royal jelly
 98615 | Slime:6  | XOM: enchant monster (good)
 98655 | Slime:6  | XOM: noise
 98666 | Slime:6  | XOM: blink monster(s)
 98944 | Lair:6   | XOM: god gift: dented soapstone amulet {god gift}
 98947 | Lair:6   | you gotta be kidding
 99274 | Slime:6  | Got a warped amber ring
 99276 | Slime:6  | XOM: give mutation
 99276 | Slime:6  | Lost mutation: You are highly resistant to hostile enchantments. [Xom's mischief]
 99301 | Slime:6  | Identified the ring of the Good {Dex-1 SInv Stlth+} (You found it on level 6 of the Pits of Slime)
 99325 | Slime:6  | Got a slimy rune of Zot
 99600 | Lair:2   | XOM: give mutations
 99600 | Lair:2   | Lost mutation: Your flesh is heat resistant. [Xom's mischief]
 99600 | Lair:2   | Lost mutation: You are resistant to electric shocks. [Xom's mischief]
 99600 | Lair:2   | Lost mutation: You possess an exceptional clarity of mind. [Xom's mischief]
 99901 | Depths:3 | Bought a book of the Warp for 2070 gold pieces
100106 | Zot:5    | XOM: harmless Conj miscast
100118 | Zot:5    | Noticed an orb of fire
100300 | Zot:5    | XOM: mild Chrm miscast
100406 | Zot:5    | Killed an orb of fire
100467 | Zot:5    | XOM: silly message
100554 | Zot:5    | Noticed an orb of fire
100561 | Zot:5    | Lost mutation: Your system is resistant to poisons. [an orb of fire]
100566 | Zot:5    | Killed an orb of fire
100568 | Zot:5    | Noticed an ancient lich
100577 | Zot:5    | Killed an ancient lich
100608 | Zot:5    | XOM: enchant monster (bad)
100621 | Zot:5    | XOM: colour smoke trail
100735 | Zot:5    | Reached skill level 15 in Translocations
100804 | Zot:5    | Noticed an ancient lich
100812 | Zot:5    | XOM: potion effect (agility)
100824 | Zot:5    | Noticed an orb of fire
100831 | Zot:5    | XOM: confusion
100849 | Zot:5    | Killed an orb of fire
100857 | Zot:5    | Killed an ancient lich
100871 | Zot:5    | Reached XP level 26. HP: 111/126 MP: 3/46
100935 | Zot:5    | Noticed an orb of fire
100940 | Zot:5    | XOM: silly message
100941 | Zot:5    | Learned a level 7 spell: Controlled Blink
100943 | Zot:5    | XOM: mild Trmt miscast
100949 | Zot:5    | Killed an orb of fire
100975 | Zot:5    | Noticed an orb of fire
100976 | Zot:5    | XOM: divination: detect items
100983 | Zot:5    | Noticed an orb of fire
100983 | Zot:5    | Killed an orb of fire
100993 | Zot:5    | Killed an orb of fire
101003 | Zot:5    | Noticed an orb of fire
101010 | Zot:5    | XOM: potion effect (might)
101013 | Zot:5    | Killed an orb of fire
101050 | Zot:5    | Noticed an orb of fire
101050 | Zot:5    | Gained mutation: You are dopey. (Int -2) [an orb of fire]
101055 | Zot:5    | Killed an orb of fire
101059 | Zot:5    | XOM: enchant monster (good)
101061 | Zot:5    | XOM: noise
101098 | Zot:5    | Noticed an ancient lich
101120 | Zot:5    | Killed an ancient lich
101122 | Zot:5    | XOM: harmless Erth miscast
101166 | Zot:5    | Noticed an orb of fire
101172 | Zot:5    | Noticed an orb of fire
101178 | Zot:5    | Killed an orb of fire
101184 | Zot:5    | Noticed an orb of fire
101189 | Zot:5    | Killed an orb of fire
101192 | Zot:5    | XOM: cast spell 'Summon Small Mammal'
101193 | Zot:5    | wow thanks buddy
101201 | Zot:5    | Killed an orb of fire
101202 | Zot:5    | Noticed an orb of fire
101210 | Zot:5    | Killed an orb of fire
101587 | Depths:4 | XOM: divination: detect creatures
101660 | Depths:4 | XOM: summons friendly white imp
101673 | Depths:4 | XOM: potion effect (might)
101701 | Depths:4 | XOM: harmless Tloc miscast
101731 | Depths:4 | XOM: colour smoke trail
101873 | Depths:1 | Gained mutation: You are partially covered in slimy green scales (AC +2). [evolution]
102470 | D:15     | XOM: give mutations
102470 | D:15     | Gained mutation: You possess an exceptional clarity of mind. [Xom's grace]
102470 | D:15     | Gained mutation: You have a pair of large antennae on your head (SInv). [Xom's grace]
102543 | Pan      | XOM: noise
102543 | Pan      | Entered Pandemonium
102545 | Pan      | XOM: give mutations
102545 | Pan      | Lost mutation: You have a pair of large antennae on your head (SInv). [Xom's mischief]
102545 | Pan      | Lost mutation: You can spit moderately strong poison. [Xom's mischief]
102545 | Pan      | Lost mutation: Your muscles are very strong. (Str +4) [Xom's mischief]
102546 | Pan      | buddy this isnt the time
102617 | Pan      | Noticed Emmiun the pandemonium lord
102629 | Pan      | XOM: mild Trmt miscast
102655 | Pan      | Found an exit through the horrors of the Abyss.
102710 | Pan      | XOM: noise
102730 | Pan      | XOM: severe Fire miscast
102795 | Pan      | Found an exit through the horrors of the Abyss.
102804 | Pan      | XOM: repel stairs
102820 | Pan      | Noticed Shroibb the pandemonium lord
102822 | Pan      | buddy you're fucking me over here
102927 | Pan      | Cast into the Abyss (Shroibb)
103034 | Abyss:2  | XOM: noise
103062 | Abyss:3  | XOM: stealth player
103065 | Abyss:3  | Got an abyssal rune of Zot
103138 | Pan      | Escaped the Abyss
103144 | Pan      | fucksticks
103184 | Pan      | XOM: stat loss: -1 Int (17/18)
103186 | Pan      | XOM: swap monsters
103198 | Pan      | XOM: polymorph Brimstone Fiend -> Ice Fiend
103203 | Pan      | Reached XP level 27. HP: 107/132 MP: 30/46
103248 | Pan      | Noticed Khuottie the pandemonium lord
103323 | Pan      | Found an exit through the horrors of the Abyss.
103494 | Pan      | XOM: give mutation
103494 | Pan      | Gained mutation: You are resistant to electric shocks. [Xom's grace]
103526 | Pan      | XOM: summons friendly shadow imp
103564 | Pan      | Found an exit through the horrors of the Abyss.
103670 | Pan      | Noticed Shynacit the pandemonium lord
103684 | Pan      | Killed Shynacit the pandemonium lord
103839 | Pan      | XOM: divination: detect items
103879 | Pan      | Noticed Bule the pandemonium lord
103880 | Pan      | XOM: 3-stop teleportation journey
103881 | Pan      | xom pls
103894 | Pan      | XOM: polymorph balrug -> green death
103902 | Pan      | XOM: enchant monster (bad)
104166 | Pan      | Got a demonic rune of Zot
104167 | Pan      | knew I was right to persevere
104167 | Pan      | XOM: vitrification
104168 | Pan      | Entered the realm of Lom Lobon.
104180 | Pan      | XOM: harmless Hex miscast
104216 | Pan      | Noticed Lom Lobon
104217 | Pan      | XOM: chaos upgrade
104221 | Pan      | XOM: potion effect (invisibility)
104224 | Pan      | XOM: confuse monster(s)
104230 | Pan      | Killed Lom Lobon
104231 | Pan      | Got a magical rune of Zot
104231 | Pan      | XOM: polymorph hellwing -> sixfirhy
104298 | Pan      | Found an exit through the horrors of the Abyss.
104348 | Pan      | XOM: 7-stop teleportation journey
104436 | Pan      | XOM: divination: detect items
104500 | Pan      | XOM: enchant monster (bad)
104602 | Pan      | XOM: polymorph orange demon -> orange demon
104683 | Pan      | XOM: medium Chrm miscast
104888 | Pan      | XOM: summons friendly iron imp
104963 | Pan      | Found an exit through the horrors of the Abyss.
105003 | Pan      | Found an exit through the horrors of the Abyss.
105110 | Pan      | XOM: blink monster(s)
105195 | Pan      | Found a gateway to a ziggurat.
105200 | Pan      | XOM: harmless Hex miscast
105209 | Zig:1    | Entered Level 1 of a ziggurat
105238 | Zig:2    | Entered Level 2 of a ziggurat
105262 | Zig:3    | Entered Level 3 of a ziggurat
105288 | Zig:4    | Entered Level 4 of a ziggurat
105439 | Zig:5    | Entered Level 5 of a ziggurat
105522 | Zig:6    | Entered Level 6 of a ziggurat
105697 | Zig:7    | XOM: stealth player
105697 | Zig:7    | Entered Level 7 of a ziggurat
105709 | Zig:7    | XOM: cast spell 'Ice Form'
105710 | Zig:7    | no m8
105731 | Zig:7    | XOM: confuse monster(s)
105734 | Zig:7    | XOM: enchant monster (good)
105831 | Zig:7    | Got a shimmering platinum ring
105832 | Zig:7    | Identified the ring of Riecw {+Blink +Inv rF- MR+ Stlth+} (You found it on level 7 of a ziggurat)
105849 | Zig:8    | Entered Level 8 of a ziggurat
105969 | Zig:8    | Identified the Grimoire of Calling and Feathers (You found it on level 8 of a ziggurat)
106021 | Zig:9    | XOM: noise
106021 | Zig:9    | Entered Level 9 of a ziggurat
106121 | Zig:9    | XOM: god gift: potion of heal wounds
106130 | Zig:10   | Entered Level 10 of a ziggurat
106280 | Lab      | Entered a labyrinth
106698 | Zig:11   | Entered Level 11 of a ziggurat
106724 | Zig:11   | XOM: cast spell 'Summon Swarm'
106740 | Zig:11   | XOM: enchant monster (good)
106742 | Zig:11   | XOM: confuse monster(s)
106761 | Zig:11   | XOM: cast spell 'Summon Small Mammal'
106796 | Zig:11   | XOM: colour smoke trail
106841 | Zig:12   | Entered Level 12 of a ziggurat
106935 | Zig:12   | XOM: divination: detect items
106936 | Zig:12   | Got a slimy turquoise ring
106937 | Zig:12   | Identified the ring of Chiag {rF+ MR+ Str-1} (You found it on level 12 of a ziggurat)
107035 | Pan      | XOM: potion effect (might)
107061 | Pan      | XOM: colour smoke trail
107110 | Pan      | XOM: noise
107112 | Pan      | XOM: potion effect (agility)
107211 | Pan      | XOM: harmless Summ miscast
107302 | Pan      | XOM: enchant monster (good)
107304 | Pan      | Entered the realm of Cerebov.
107321 | Pan      | XOM: potion effect (magic)
107452 | Pan      | XOM: mild Tloc miscast
107556 | Pan      | XOM: summons friendly white imp
107634 | Pan      | XOM: enchant monster (good)
107721 | Pan      | XOM: enchant monster (good)
107800 | Pan      | Noticed Cerebov
107944 | Pan      | Identified the Reference Book on Conjuration and the Mountains (You found it in Pandemonium)
107947 | Pan      | Identified Wanwinno's Catalogue of Mutagenic Attacks (You found it in Pandemonium)
107985 | Pan      | XOM: enchant monster (good)
107988 | Pan      | Killed Cerebov
107989 | Pan      | Kitty 1 Cerebov 0
108060 | Pan      | Got a fiery rune of Zot
108087 | Pan      | XOM: god gift: leatherbound book {god gift}
108168 | Pan      | Got a flickering sapphire amulet
108174 | Pan      | Identified the amulet "Ytararph" {Clar Str+2 Dex+2} (You found it in Pandemonium)
108276 | Pan      | Found a gateway to a ziggurat.
108377 | Pan      | XOM: mild Tloc miscast
108442 | Pan      | XOM: enchant monster (bad)
108467 | Pan      | XOM: noise
108510 | Pan      | XOM: divination: magic mapping
108521 | Pan      | XOM: potion effect (agility)
108540 | Pan      | XOM: harmless Trmt miscast
108543 | Pan      | XOM: mild Divn miscast
108564 | Pan      | XOM: cast spell 'Monstrous Menagerie'
108612 | Pan      | XOM: silly message
108773 | Pan      | Entered the realm of Gloorx Vloq.
109033 | Pan      | XOM: 4-stop teleportation journey
109056 | Pan      | XOM: noise
109087 | Pan      | Noticed Gloorx Vloq
109106 | Pan      | Killed Gloorx Vloq
109124 | Pan      | Got a dark rune of Zot
109149 | Pan      | Gained mutation: Your body is slowly deteriorating. [mutagenic glow]
109228 | Pan      | Found a gateway to a ziggurat.
109266 | Zig:1    | Entered Level 1 of a ziggurat
109280 | Zig:2    | Entered Level 2 of a ziggurat
109314 | Zig:3    | Entered Level 3 of a ziggurat
109315 | Zig:3    | XOM: enchant monster (bad)
109326 | Zig:3    | XOM: 1-stop teleportation journey
109371 | Zig:3    | Got a heavily runed ruby amulet
109372 | Zig:3    | Identified the amulet of Huitojol {rMut +Rage +Fly rPois rN+ Int+1} (You found it on level 3 of a ziggurat)
109373 | Zig:3    | so thats what it takes to get a decent piece of jewelry
109379 | Zig:4    | Entered Level 4 of a ziggurat
109409 | Zig:4    | Identified the Handbook of Displaced Unholy Secrets (You found it on level 4 of a ziggurat)
109424 | Zig:5    | Entered Level 5 of a ziggurat
109468 | Zig:5    | Identified the Grimoire of the Glacier (You found it on level 5 of a ziggurat)
109473 | Zig:5    | Got a transparent sapphire amulet
109474 | Zig:5    | Identified the amulet "Mihyath" {Faith Str-2 Dex-4} (You found it on level 5 of a ziggurat)
109516 | Zig:6    | XOM: stealth player
109516 | Zig:6    | Entered Level 6 of a ziggurat
109529 | Zig:6    | XOM: 6-stop teleportation journey
109560 | Zig:6    | Got a flickering lead amulet
109565 | Zig:6    | Identified the amulet "Zogeol Phuze" {+Rage rF+ MR++ Int+2 Dam+3} (You found it on level 6 of a ziggurat)
109570 | Zig:7    | Entered Level 7 of a ziggurat
109583 | Zig:7    | XOM: vitrification
109592 | Zig:7    | XOM: summons friendly iron imp
109640 | Zig:8    | Entered Level 8 of a ziggurat
109713 | Zig:8    | Cast into the Abyss (spatial maelstrom)
109714 | Abyss:1  | goddamnit
109735 | Zig:8    | Escaped the Abyss
109769 | Zig:8    | Got a vibrating jade ring
109772 | Zig:8    | Identified the ring "Ycok" {Dex+2 Int+4 Dam-2 Stlth+} (You found it on level 8 of a ziggurat)
109780 | Zig:9    | Entered Level 9 of a ziggurat
109797 | Zig:9    | XOM: divination: magic mapping
109806 | Zig:9    | XOM: enchant monster (good)
109938 | Pan      | Entered the realm of Mnoleg.
110117 | Pan      | XOM: destruction
110232 | Pan      | Found an exit through the horrors of the Abyss.
110273 | Pan      | XOM: swap monsters
110349 | Pan      | XOM: give mutations
110349 | Pan      | Gained mutation: Your flesh is heat resistant. [Xom's grace]
110349 | Pan      | Lost mutation: You are dopey. (Int -2) [Xom's grace]
110392 | Pan      | XOM: polymorph cacodemon -> blizzard demon
110398 | Pan      | XOM: swap monsters
110464 | Pan      | Noticed Mnoleg
110465 | Pan      | Got a glowing rune of Zot
110547 | Depths:3 | Escaped Pandemonium
110548 | Depths:3 | tune in for the next episode
110548 | Depths:3 | Kitty invades hells
110608 | Hell     | Entered the Vestibule of Hell
110614 | Hell     | XOM: 1-stop teleportation journey
110644 | Hell     | Noticed Geryon
110654 | Hell     | Found a gateway to the Iron City of Dis.
110660 | Hell     | Killed Geryon
110661 | Hell     | Xom laughs at your attempt
110782 | Dis:1    | Entered Level 1 of the Iron City of Dis
110801 | Dis:1    | XOM: 2-stop teleportation journey
110963 | Dis:2    | XOM: swap monsters
111071 | Hell     | XOM: colour smoke trail
111120 | Hell     | XOM: god gift: 13 darts of flame
111309 | Dis:5    | XOM: divination: magic mapping
111590 | Dis:6    | XOM: mild Fire miscast
111628 | Dis:6    | XOM: divination: magic mapping
111631 | Dis:7    | Entered Level 7 of the Iron City of Dis
111637 | Dis:7    | What a shitty layout
111746 | Dis:7    | Reached skill level 23 in Unarmed Combat
111796 | Dis:7    | cmon now
111798 | Dis:7    | XOM: god gift: scroll of acquirement
111822 | Dis:7    | A gift within a gift
111829 | Dis:7    | XOM: mild Chrm miscast
112051 | Dis:7    | XOM: confuse monster(s)
112058 | Dis:7    | XOM: enchant monster (good)
112066 | Dis:7    | XOM: swap monsters
112295 | Dis:7    | Noticed Dispater
112312 | Dis:7    | Killed Dispater
112312 | Dis:7    | Reached skill level 24 in Unarmed Combat
112328 | Dis:7    | Got an iron rune of Zot
112387 | Hell     | XOM: divination: magic mapping
112391 | Hell     | XOM: summons friendly crimson imp
112550 | D:12     | XOM: medium Fire miscast
112764 | Depths:1 | XOM: cast spell 'Discord'
112916 | Hell     | Found a gateway to the freezing wastes of Cocytus.
112921 | Hell     | XOM: summons 3 friendly demons
112969 | Coc:1    | Entered Level 1 of Cocytus
113066 | Coc:1    | XOM: 3-stop teleportation journey
113094 | Coc:1    | XOM: destruction
113146 | Coc:2    | XOM: 5-stop teleportation journey
113212 | Coc:4    | XOM: noise
113448 | Coc:5    | XOM: enchant monster (good)
113462 | Coc:5    | Reached skill level 25 in Unarmed Combat
113592 | Coc:6    | XOM: confuse monster(s)
113604 | Coc:6    | XOM: cast spell 'Summon Hydra'
113656 | Coc:6    | XOM: confuse monster(s)
113768 | Coc:6    | XOM: swap monsters
113954 | Coc:7    | Entered Level 7 of Cocytus
114102 | Coc:7    | XOM: cast spell 'Discord'
114141 | Coc:7    | XOM: summons 4 friendly demons
114228 | Coc:7    | XOM: enchant monster (bad)
114239 | Coc:7    | XOM: cast spell 'Stoneskin'
114265 | Coc:7    | XOM: potion effect (agility)
114318 | Coc:7    | Reached skill level 26 in Unarmed Combat
114323 | Coc:7    | XOM: fake destruction
114361 | Coc:7    | XOM: summons friendly ufetubus
114378 | Coc:7    | XOM: noise
114465 | Coc:7    | Lost strength.
114534 | Coc:7    | XOM: enchant monster (good)
114559 | Coc:7    | Noticed Antaeus
114601 | Coc:7    | XOM: fake destruction
114605 | Coc:7    | XOM: 9-stop teleportation journey
114606 | Coc:7    | what are you doing buddy
114687 | Coc:7    | XOM: cast spell 'Ring of Flames'
114728 | Coc:7    | XOM: polymorph Antaeus -> Antaeus
114748 | Coc:7    | woah
114759 | Coc:7    | Killed Antaeus
114778 | Coc:7    | Got an icy rune of Zot
114889 | Hell     | XOM: mild Chrm miscast
114930 | Hell     | Found a gateway to the decaying netherworld of Tartarus.
114940 | Tar:1    | Entered Level 1 of Tartarus
115113 | Tar:3    | Reached skill level 27 in Unarmed Combat
115141 | Tar:3    | XOM: repel stairs
115264 | Tar:5    | XOM: blink monster(s)
115355 | Tar:7    | Entered Level 7 of Tartarus
115380 | Tar:7    | XOM: polymorph hell knight -> sea snake
115494 | Tar:7    | XOM: blink monster(s)
115656 | Tar:7    | Noticed the Serpent of Hell
115664 | Tar:7    | Killed the Serpent of Hell
115696 | Tar:7    | Noticed Ereshkigal
115697 | Tar:7    | XOM: noise
115708 | Tar:7    | XOM: noise
115709 | Tar:7    | XOM: enchant monster (bad)
115733 | Tar:7    | Killed Ereshkigal
115734 | Tar:7    | Right in the face
115766 | Tar:7    | Identified the Almanac of Darkness and Lightness
115774 | Tar:7    | Got a bone rune of Zot
115784 | Tar:7    | Identified Vehumet's Handbook of Blistering Conjuration
115833 | Depths:3 | XOM: give mutation
115833 | Depths:3 | Lost mutation: Your flesh is heat resistant. [Xom's mischief]
115836 | Depths:3 | dont take that away before gehenna m8
116023 | Lair:2   | XOM: mild Fire miscast
116073 | Lair:3   | XOM: colour smoke trail
116475 | Depths:2 | XOM: mild Trmt miscast
116526 | Hell     | Found a gateway to the ashen valley of Gehenna.
116551 | Hell     | XOM: potion effect (curing)
116714 | Geh:1    | Entered Level 1 of Gehenna
116785 | Geh:1    | HP: 2/139 [salamander firebrand/great sword of flaming (8)]
116786 | Geh:1    | goddamnit
116828 | Geh:1    | XOM: god gift: droning book {god gift}
116829 | Geh:1    | Identified Xom's Almanac of the Extremes {god gift} (Xom gifted it to you on level 1 of Gehenna)
117044 | Geh:3    | XOM: destruction
117047 | Geh:3    | XOM: fake destruction
117473 | Geh:3    | XOM: scenery: 1 doors open
117575 | Geh:4    | XOM: harmless Tloc miscast
117584 | Geh:5    | XOM: potion effect (might)
117599 | Geh:7    | Entered Level 7 of Gehenna
117650 | Geh:7    | XOM: harmless Divn miscast
117930 | Geh:7    | Noticed Asmodeus
117941 | Geh:7    | XOM: blink monster(s)
117959 | Geh:7    | XOM: torment (109/183 hp)
117971 | Geh:7    | XOM: blink monster(s)
117972 | Geh:7    | XOM: mild Ice miscast
117975 | Geh:7    | XOM: 1-stop teleportation journey
117976 | Geh:7    | NOOOOOOO
117976 | Geh:7    | GODDAMNIT XOM
117976 | Geh:7    | Killed Asmodeus
118016 | Geh:7    | Identified Cigotuvi's Guide on Necromancy
118020 | Geh:7    | XOM: 3-stop teleportation journey
118215 | Geh:7    | h
118215 | Geh:7    | that's anticlimactic
118251 | Geh:7    | Got an obsidian rune of Zot
118428 | Zot:3    | XOM: medium Erth miscast
118554 | Zot:5    | Got the Orb of Zot
118556 | Zot:5    | XOM: enchant monster (good)
118583 | Zot:5    | Noticed an orb of fire
118589 | Zot:5    | Killed an orb of fire
118601 | Zot:5    | Noticed Serpheb the pandemonium lord
118835 | Depths:1 | XOM: summons friendly shadow imp
118842 | D:15     | Noticed Hablidy the pandemonium lord
118907 | D:14     | Noticed Vurypy Vibo the pandemonium lord
118907 | D:14     | XOM: cast spell 'Summon Ice Beast'
118955 | D:13     | Gained mutation: Your body is misshapen. [mutagenic glow]
119006 | D:12     | Noticed Efabyp the pandemonium lord
119016 | D:12     | Killed Efabyp the pandemonium lord
119063 | D:11     | Noticed Niho the pandemonium lord
119069 | D:11     | XOM: summons friendly shadow imp
119135 | D:10     | Lost mutation: Your spells are much harder to cast, but much more powerful. [mutagenic glow]
119204 | D:6      | Gained mutation: Your body is deteriorating. [mutagenic glow]
119241 | D:4      | Noticed Ytigrual the pandemonium lord
119278 | D:1      | Gained mutation: You heal slowly when monsters are visible. [mutagenic glow]
119303 | D:1      | XOM: mild Summ miscast
119313 | D:1      | AND HE WILL STRIKE DOWN WITH GREAT CONFUSION AND MUCH LULZ
119313 | D:1      | AND YOU WILL KNOW HIS NAME IS XOM WHEN HIS POLYMORPHS ARE UPON THEE
119319 | D:$      | Escaped with the Orb!

Action                   |  1- 3 |  4- 6 |  7- 9 | 10-12 | 13-15 | 16-18 | 19-21 | 22-24 | 25-27 || total
-------------------------+-------+-------+-------+-------+-------+-------+-------+-------+-------++-------
Melee: Unarmed           |   144 |   156 |   385 |  1306 |  1952 |  1582 |  1594 |  1005 |  4023 || 12147
 Cast: Animate Skeleton  |       |       |    22 |    77 |   168 |    87 |   103 |    81 |   105 ||   643
       Vampiric Draining |       |       |    22 |   113 |   149 |   100 |   129 |   107 |    90 ||   710
       Regeneration      |       |       |       |   107 |   203 |   153 |   157 |    97 |   302 ||  1019
       Dragon Form       |       |       |       |       |    50 |    78 |    25 |     7 |    17 ||   177
       Stoneskin         |       |       |       |       |     1 |     5 |    24 |    43 |   137 ||   210
       Flight            |       |       |       |       |    10 |    16 |    22 |     6 |    47 ||   101
       Summon Butterflie |       |       |       |       |     3 |     2 |       |     1 |       ||     6
       Haste             |       |       |       |       |       |    15 |    37 |    39 |    95 ||   186
       Deflect Missiles  |       |       |       |       |       |     4 |     5 |     9 |    13 ||    31
       Silence           |       |       |       |       |       |     2 |     6 |     1 |     2 ||    11
       Dispel Undead     |       |       |       |       |       |       |   265 |    82 |   169 ||   516
       Statue Form       |       |       |       |       |       |       |     4 |    39 |   183 ||   226
       Apportation       |       |       |       |       |       |       |     3 |     2 |    13 ||    18
       Control Undead    |       |       |       |       |       |       |       |    19 |    21 ||    40
       Abjuration        |       |       |       |       |       |       |       |       |    18 ||    18
       Controlled Blink  |       |       |       |       |       |       |       |       |     7 ||     7
 Abil: Jump Attack       |    14 |    10 |    29 |    39 |    80 |    89 |    71 |    91 |   205 ||   628
       Breathe Fire      |     1 |       |     1 |    21 |    67 |    77 |    38 |    14 |    13 ||   232
       End Transformatio |       |       |       |       |     5 |     5 |     7 |     7 |    29 ||    53
       Spit Poison       |       |       |       |       |     2 |     5 |    12 |     9 |     4 ||    32
       Evoke Blink       |       |       |       |       |     2 |    24 |    19 |    13 |    45 ||   103
       Evoke Teleport Co |       |       |       |       |       |       |     4 |     2 |     5 ||    11
       Evoke Teleportati |       |       |       |       |       |       |       |       |    14 ||    14
Evoke: Wand              |       |     2 |     8 |    51 |    54 |    40 |    51 |    46 |    79 ||   331
       Phial of floods   |       |       |       |     3 |    10 |    11 |    22 |    23 |    74 ||   143
       Sack of spiders   |       |       |       |       |     2 |       |     1 |     3 |       ||     6
       Fan of gales      |       |       |       |       |     1 |     3 |     6 |     1 |     6 ||    17
       Lamp of fire      |       |       |       |       |       |     2 |    19 |    17 |    46 ||    84
       Stone of tremors  |       |       |       |       |       |       |     1 |     2 |       ||     3
       Box of beasts     |       |       |       |       |       |       |       |       |     3 ||     3
       Deck              |       |       |       |       |       |       |       |       |     4 ||     4
  Use: Scroll            |     5 |     5 |     3 |    20 |    34 |    24 |    30 |    17 |    67 ||   205
       Potion            |     4 |       |     1 |     3 |    14 |     9 |    27 |     8 |    56 ||   122
 Stab: Confused          |     1 |     1 |     7 |    10 |    13 |     1 |     6 |     2 |    16 ||    57
       Sleeping          |    12 |     8 |    12 |    36 |    34 |    17 |    20 |     4 |    29 ||   172
       Paralysed         |       |     2 |     2 |     3 |     4 |    13 |     3 |     6 |     2 ||    35
       Distracted        |       |       |     3 |     9 |    16 |    20 |    20 |    11 |    38 ||   117
       Petrified         |       |       |       |       |     2 |       |       |       |     1 ||     3
       Petrifying        |       |       |       |       |     1 |       |     1 |       |     3 ||     5
       Invisible         |       |       |       |       |     1 |       |     3 |       |       ||     4
       Held in net/web   |       |       |       |       |       |     1 |       |       |       ||     1
       Betrayed ally     |       |       |       |       |       |       |       |     3 |     2 ||     5
